 Dungeon Crawl Stone Soup version 0.22.0-32-gbc6daba (webtiles) character file.

18047330 glosham the Bringer of Light (level 27, 199/199 HPs)
             Began as a Kobold Hunter on Aug 20, 2018.
             Was the Champion of the Shining One.
             Escaped with the Orb
             ... and 15 runes on Aug 23, 2018!
             The game lasted 1 day 04:51:16 (85572 turns).

glosham the Bringer of Light (Kobold Hunter)   Turns: 85572, Time: 1 , 04:51:17

Health: 199/199    AC: 43    Str: 26    XL:     27
Magic:  39/39      EV: 25    Int: 17    God:    the Shining One [******]
Gold:   6095       SH:  0    Dex: 17    Spells: 15/58 levels left

rFire    + . .     SeeInvis +   a - +9 triple crossbow (holy)
rCold    + . .     Gourm    .   (shield currently unavailable)
rNeg     + + +     Faith    .   X - +8 orange crystal plate armour {Archmagi, Int+3 Clar}
rPois    +         Spirit   .   U - -2 hat of the Alchemist {rElec rPois rF+ rC+ rN+ MR+ rMut rCorr}
rElec    +         Reflect  .   Y - scarf {cloud immunity}
rCorr    +         Harm     .   V - +3 pair of gauntlets of War {Slay+5}
rMut     +         Clarity  +   W - +0 pair of boots of the Moon {rElec rCorr Slay+2 SInv}
MR       +++++                  z - necklace of Bloodlust {*Rage +Rage MR++ Int-3 Slay+6 *Curse}
Stlth    ..........             A - ring of Koong {+Inv MR+ Str+6 Int+4}
HPRegen  0.43/turn              B - +4 ring of slaying
MPRegen  0.26/turn

@: glowing
A: small, hooves 1, horns 2, iridescent scales 1, slimy green scales 1,
carnivore, low mp 1, electricity resistance, sturdy frame 1
0: Orb of Zot
}: 15/15 runes: decaying, slimy, silver, golden, iron, obsidian, icy, bone,
abyssal, demonic, glowing, magical, fiery, dark, gossamer
a: Divine Shield, Cleansing Flame, Summon Divine Warrior, Renounce Religion,
Evoke Berserk Rage, Evoke Invisibility


You escaped.
You worshipped the Shining One.
The Shining One was exalted by your worship.
You were not hungry.

You visited 18 branches of the dungeon, and saw 90 of its levels.
You visited Pandemonium 2 times, and saw 11 of its levels.
You visited the Abyss 1 time.
You also visited: Ice Cave, Volcano and Wizlab.

You collected 14410 gold pieces.
You spent 8315 gold pieces at shops.

Inventory:

Hand Weapons
 a - a +9 triple crossbow of holy wrath (weapon)
 b - the +3 arbalest "Faocurov" {penet, rElec}
   (Okawaru gifted it to you on level 3 of the Lair of Beasts)

   Ammo fired by it will pass through the targets it hits, potentially hitting
   all targets in its path until it reaches maximum range.
   It insulates you from electricity.
 c - a +9 sacred scourge of holy wrath
Missiles
 O - 2280 bolts (quivered)
Armour
 H - the +0 cloak of Dymotoes {Int+6}
   (You found it on level 3 of the Elven Halls)

   It affects your intelligence (+6).
 U - the -2 hat of the Alchemist (worn) {rElec rPois rF+ rC+ rN+ MR+ rMut rCorr}
   (Okawaru gifted it to you on level 6 of the Lair of Beasts)

   It protects you from fire.
   It protects you from cold.
   It insulates you from electricity.
   It protects you from poison.
   It protects you from negative energy.
   It affects your resistance to hostile enchantments.
   It provides partial protection from all sources of acid and corrosion.
   It protects you from mutation.
 V - the +3 pair of gauntlets of War (worn) {Slay+5}
   (You found it on level 7 of the Iron City of Dis)

   It affects your accuracy and damage with ranged weapons and melee attacks
   (+5).
 W - the +0 pair of boots of the Moon (worn) {rElec rCorr Slay+2 SInv}
   (You found it on level 6 of the Lair of Beasts)

   It affects your accuracy and damage with ranged weapons and melee attacks
   (+2).
   It insulates you from electricity.
   It lets you see invisible.
   It provides partial protection from all sources of acid and corrosion.
 X - the +8 orange crystal plate armour (worn) {Archmagi, Int+3 Clar}
   (Okawaru gifted it to you on level 4 of the Depths)

   It affects your intelligence (+3).
   It protects you against confusion.
 Y - a scarf of cloud immunity (worn)
Magical Staves
 w - an uncursed staff of wizardry {!a}
Jewellery
 z - the necklace of Bloodlust (around neck) {*Rage +Rage MR++ Int-3 Slay+6 *Curse}
   (You found it on level 5 of the Pits of Slime)

   [amulet of rage]

   It affects your intelligence (-3).
   It affects your accuracy and damage with ranged weapons and melee attacks
   (+6).
   It affects your resistance to hostile enchantments.
   It lets you go berserk.
   It may make you go berserk in combat.
   It curses itself when equipped.
 A - the ring of Koong (left hand) {+Inv MR+ Str+6 Int+4}
   (You took it off a deep elf annihilator on level 3 of the Elven Halls)

   [ring of strength]

   It affects your strength (+6).
   It affects your intelligence (+4).
   It affects your resistance to hostile enchantments.
   It lets you turn invisible.
 B - a +4 ring of slaying (right hand)
 C - the ring "Nafiec" {+Fly rF+ rC+ Stlth+}
   (You bought it in a shop on level 2 of the Orcish Mines)

   [ring of protection from fire]

   It protects you from fire.
   It protects you from cold.
   It lets you fly.
   It makes you more stealthy.
 T - the ring "Dyakovek" {-Tele +Fly rN+ MR+}
   (You took it off a deep elf demonologist on level 3 of the Elven Halls)

   [ring of flight]

   It protects you from negative energy.
   It affects your resistance to hostile enchantments.
   It lets you fly.
   It prevents most forms of teleportation.
Wands
 g - a wand of digging (23)
 h - a wand of polymorph (72)
 i - a wand of paralysis (138)
 j - a wand of acid (77)
 D - a wand of scattershot (6)
 M - a wand of enslavement (104)
 N - a wand of iceblast (67)
Scrolls
 k - 11 scrolls of teleportation
 l - 11 scrolls of blinking
 m - 4 scrolls of fog
 n - 15 scrolls of fear
 o - 31 scrolls of remove curse
 E - 4 scrolls of holy word
 F - 2 scrolls of summoning
 G - 7 scrolls of immolation
 Q - a scroll of silence {!r}
Potions
 q - 9 potions of ambrosia
 r - 21 potions of curing
 s - 8 potions of heal wounds
 t - 7 potions of magic
 u - 2 potions of resistance
 v - 3 potions of haste
 x - 5 potions of agility
 y - 2 potions of might
 I - 3 potions of cancellation
 J - 11 potions of flight
 K - 16 potions of lignification
 L - 10 potions of mutation {!q}
 S - 6 potions of brilliance
Miscellaneous
 d - 8 phantom mirrors
 f - a fan of gales
 p - 7 boxes of beasts
 P - 7 sacks of spiders
 R - a lamp of fire
 Z - a figurine of a ziggurat
Comestibles
 e - 103 rations


   Skills:
 O Level 27 Fighting
 - Level 12.0 Maces & Flails
 O Level 27 Crossbows
 - Level 19.6 Armour
 O Level 27 Dodging
 - Level 18.0 Stealth
 + Level 16.4 Spellcasting
 - Level 14.0 Hexes
 - Level 2.1 Charms
 - Level 13.1 Summonings
 - Level 15.1 Translocations
 - Level 14.0 Air Magic
 O Level 27 Invocations
 - Level 16.0 Evocations


You had 15 spell levels left.
You knew the following spells:

 Your Spells              Type           Power        Failure   Level  Hunger
a - Apportation           Tloc           ######       1%          1    None
b - Blink                 Tloc           N/A          1%          2    None
j - Aura of Abjuration    Summ           ######....   4%          5    ####...
l - Summon Lightning Spi  Summ/Air       ######..     1%          4    None
p - Portal Projectile     Hex/Tloc       ######       1%          3    None
q - Lesser Beckoning      Tloc           #######...   1%          3    None
s - Shroud of Golubria    Chrm/Tloc      ######....   1%          2    None
t - Teleport Other        Tloc           #######.     1%          3    None
x - Force Lance           Conj/Tloc      ######..     19%         4    None
z - Song of Slaying       Chrm           ####....     26%         2    None
B - Summon Butterflies    Summ           ######..     1%          1    None
D - Darkness              Hex            #######...   21%         6    #####..
P - Passwall              Tmut/Erth      ###.....     52%         2    None
S - Silence               Hex/Air        #######...   3%          5    ####...

Your spell library contained the following spells:

 Spells                   Type           Power        Failure   Level  Hunger
 Confusing Touch          Hex            ######       1%          1    None
 Corona                   Hex            #######      1%          1    None
 Summon Small Mammal      Summ           ####         1%          1    None
 Call Imp                 Summ           ######..     1%          2    None
 Slow                     Hex            #######.     1%          2    None
 Call Canine Familiar     Summ           ######..     1%          3    None
 Confuse                  Hex            #######.     1%          3    None
 Gell's Gravitas          Tloc           #######...   1%          3    None
 Recall                   Summ/Tloc      N/A          1%          3    None
 Summon Guardian Golem    Hex/Summ       ######..     1%          3    None
 Airstrike                Air            #######...   1%          4    None
 Cause Fear               Hex            #######...   1%          4    None
 Shock                    Conj/Air       ####         2%          1    None
 Swiftness                Chrm/Air       ######..     2%          2    None
 Poisonous Vapours        Pois/Air       ######       3%          2    None
 Summon Forest            Summ/Tloc      #######...   3%          5    ####...
 Spectral Weapon          Hex/Chrm       ######..     4%          3    None
 Summon Demon             Summ           ######....   4%          5    ####...
 Summon Mana Viper        Hex/Summ       ######..     4%          5    ####...
 Dazzling Spray           Conj/Hex       ######       7%          3    None
 Inner Flame              Hex/Fire       ######..     7%          3    None
 Static Discharge         Conj/Air       ######..     7%          3    None
 Infusion                 Chrm           ####         17%         1    None
 Mephitic Cloud           Conj/Pois/Air  #####...     19%         3    None
 Invisibility             Hex            #######.     21%         6    #####..
 Fulminant Prism          Conj/Hex       ######....   22%         4    None
 Leda's Liquefaction      Hex/Erth       ######....   22%         4    None
 Summon Ice Beast         Ice/Summ       ######..     26%         4    None
 Shadow Creatures         Summ           N/A          28%         6    #####..
 Animate Skeleton         Necr           N/A          38%         1    None
 Beastly Appendage        Tmut           ###...       38%         1    None
 Flame Tongue             Conj/Fire      ###..        38%         1    None
 Magic Dart               Conj           ###.         38%         1    None
 Pain                     Necr           ###.         38%         1    None
 Sandblast                Erth           ###...       38%         1    None
 Sting                    Conj/Pois      ###.         38%         1    None
 Corpse Rot               Necr           N/A          52%         2    None
 Searing Ray              Conj           ###...       52%         2    None
 Sticks to Snakes         Tmut           ###.....     52%         2    None
 Sublimation of Blood     Necr           ###.......   52%         2    None
 Throw Flame              Conj/Fire      ###...       52%         2    None
 Lightning Bolt           Conj/Air       ######....   54%         5    ####...
 Metabolic Englaciation   Hex/Ice        ######....   54%         5    ####...
 Yara's Violent Unravell  Hex/Tmut       ######....   54%         5    ####...
 Regeneration             Chrm/Necr      ####......   61%         3    None
 Malign Gateway           Summ/Tloc      #######...   71%         7    #######
 Conjure Flame            Conj/Fire      ###.....     77%         3    None
 Ignite Poison            Fire/Tmut/Pois ###.....     77%         3    None
 Spider Form              Tmut/Pois      ###.......   77%         3    None
 Vampiric Draining        Necr           ###.......   77%         3    None
 Monstrous Menagerie      Summ           ######....   83%         7    #######
 Summon Greater Demon     Summ           ######....   83%         7    #######
 Summon Hydra             Summ           ######....   83%         7    #######
 Deflect Missiles         Chrm/Air       ######....   92%         6    #####..
 Conjure Ball Lightning   Conj/Air       ######....   98%         6    #####..
 Animate Dead             Necr           N/A          99%         4    None
 Ice Form                 Ice/Tmut       ###.....     99%         4    None
 Iskenderun's Mystic Bla  Conj           ###.....     99%         4    None
 Olgreb's Toxic Radiance  Pois           ###.....     99%         4    None
 Petrify                  Tmut/Erth      ###.....     99%         4    None
 Sticky Flame             Conj/Fire      ###.....     99%         4    None
 Agony                    Necr           ###.....     100%        5    ####...
 Alistair's Intoxication  Tmut/Pois      ###.....     100%        5    ####...
 Blade Hands              Tmut           ###.......   100%        5    ####...
 Bolt of Draining         Conj/Necr      ###.......   100%        5    ####...
 Bolt of Magma            Conj/Fire/Erth ###.......   100%        5    ####...
 Borgnjor's Vile Clutch   Necr/Erth      ###.......   100%        5    ####...
 Dispel Undead            Necr           ###.....     100%        5    ####...
 Excruciating Wounds      Chrm/Necr      ####......   100%        5    ####...
 Irradiate                Conj/Tmut      ###.......   100%        5    ####...
 Iskenderun's Battlesphe  Conj/Chrm      ####....     100%        5    ####...
 Lee's Rapid Deconstruct  Erth           ###.......   100%        5    ####...
 Venom Bolt               Conj/Pois      ###.......   100%        5    ####...
 Bolt of Cold             Conj/Ice       ###.......   100%        6    #####..
 Death Channel            Necr           ###.......   100%        6    #####..
 Freezing Cloud           Conj/Ice/Air   #####.....   100%        6    #####..
 Hydra Form               Tmut           ###.......   100%        6    #####..
 Iron Shot                Conj/Erth      ###.......   100%        6    #####..
 Ozocubu's Refrigeration  Ice            ###.......   100%        6    #####..
 Simulacrum               Ice/Necr       ###.......   100%        6    #####..
 Statue Form              Tmut/Erth      ###......    100%        6    #####..
 Dragon Form              Tmut           ###.......   100%        7    #######
 Orb of Destruction       Conj           ###.......   100%        7    #######
 Ring of Flames           Chrm/Fire      ####......   100%        7    #######
 Spellforged Servitor     Conj/Summ      ######....   100%        7    #######
 Discord                  Hex            #######...   100%        8    #######
 Ignition                 Fire           ###.......   100%        8    #######
 Summon Horrible Things   Summ           ######....   100%        8    #######
 Shatter                  Erth           ###.......   100%        9    #######
 Tornado                  Air            #######...   100%        9    #######
 Passage of Golubria      Tloc           Unusable     N/A         4    N/A

Dungeon Overview and Level Annotations

Branches:
Dungeon (15/15)            Temple (1/1) D:7            Lair (6/6) D:10
  Swamp (4/4) Lair:4       Spider (4/4) Lair:4        Slime (5/5) Lair:6
    Orc (2/2) D:12            Elf (3/3) Orc:2        Vaults (5/5) D:13
  Crypt (3/3) Vaults:3       Tomb (3/3) Crypt:3      Depths (5/5) D:15
   Hell (1/1)                 Dis (7/7) Hell            Geh (7/7) Hell
    Coc (7/7) Hell            Tar (7/7) Hell            Zot (5/5) Depths:5

Altars:
Ashenzari
Cheibriados
Dithmenos
Elyvilon
Gozag
Kikubaaqudgha
Makhleb
Nemelex Xobeh
Okawaru
Qazlal
Ru
Sif Muna
Trog
Vehumet
Wu Jian
Xom
Yredelemnul
Zin
The Shining One

Shops:
D:7 *   D:8 *   D:10 %   D:11 [   D:12 [   Orc:2 :}(=   Elf:3 !%[   Vaults:1 %
Depths:4 =}}(

Portals:
Hell: Depths:1 Depths:2 Depths:3 Depths:4 Depths:5
Abyss: Depths:2 Depths:3 Depths:4
Pandemonium: Depths:1 Depths:3
Ziggurat: Depths:1

Annotations:
Tar:6 6 runed doors


Innate Abilities, Weirdness & Mutations

You are small and have problems with some larger weapons.
You are carnivorous and can eat meat at any time.
You have large cloven feet.
You have a pair of horns on your head.
You are partially covered in iridescent scales. (AC +2)
You are partially covered in slimy green scales. (AC +2)
Your magical capacity is low. (-10% MP)
You are resistant to electric shocks. (rElec)
Your movements are slightly less encumbered by armour. (ER -2)


Message History

You climb upwards.
There is a stone staircase leading down here.
There is a stone staircase leading up here.
You climb upwards.
There is a stone staircase leading down here.
A chaos spawn comes into view.
Firing (i - inventory)
O - 2281 bolts (quivered)
Press: ? - help, Shift-Dir - straight line, f - chaos spawn
Aim: a chaos spawn (haloed)
You shoot a bolt. The bolt hits the chaos spawn!!
You kill the chaos spawn!
The Shining One accepts your kill.
The chaos spawn degenerates into a cloud of primal chaos!
(D) Dungeon (T) Temple (L) Lair (S) Swamp (N) Spider Nest (M) Slime Pits (O) Orcish Mines (E) Elven Halls (V) Vaults (C) Crypt (W) Tomb (U) Depths (H) Hell (I) Dis (G) Gehenna (X) Cocytus (Y) Tartarus (Z) Zot
Where to? (* - list waypoints, Enter - D:2, ? - help)
There is a stone staircase leading up here.
You climb upwards.
There is a stone staircase leading down here.
There is a stone staircase leading up here.
You climb upwards.
There is a stone staircase leading down here.
Evoke which item? (* to show all) (? for menu, Esc to quit)
Aiming: Dig
Press: ? - help, Shift-Dir - straight line, f - you Please select a direction to dig.
This square is lit by a halo and is covered in magical glow.
The rock shatters into small pieces.
You hear a grinding noise.
Evoke which item? (* to show all) (? for menu, Esc to quit)
Aiming: Dig
Press: ? - help, Shift-Dir - straight line, f - you Please select a direction to dig.
This square is lit by a halo and is covered in magical glow.
The rock shatters into small pieces.
There is a staircase leading out of the dungeon here.
You have escaped!

#.# #.........'........#
##### #.#
#.........#........# #....
#.# #.........#........#
#.### #.#
#...############...# #.#
#.# #...#.....'....#...#
#.# #.#
#...#.....#....#...# #.#
#.# #...#..........#...#
#.# #.#
#...#...#.#....#...# #.#
#.## #...#....@####'###'#
#.# #..#
##'###'#.#'##...#...# #)#
##.####..# #...#..#...#...#
#.#
#......####...#..'...#...#
#.###
##.#######....########.[.#
#.... #.#
##.#......#.......# #####
#.# ##.##......#(......# #
##.####.###......'.......#
#
#.........#################
#


There were no monsters in sight!

Vanquished Creatures
  Cerebov (Pan)
  Antaeus (Coc:7)
  Asmodeus (Geh:7)
  Ereshkigal (Tar:7)
  the Royal Jelly (Slime:5)
  Gloorx Vloq (Pan)
  the Serpent of Hell (Geh:7)
  Lom Lobon (Pan)
  Dispater (Dis:7)
  Khufu (Tomb:3)
  5 orbs of fire (Zot:5)
  11 ancient liches
  A juggernaut (Depths:4)
  Sojobo (Depths:1)
  9 greater mummies
  2 pandemonium lords (Pan)
  Boris (thrice) (Depths:4 Depths:5 Tomb:3)
  7 shard shrikes
  Margery (Vaults:5)
  Xtahua (Vaults:5)
  3 curse toes
  3 Killer Klowns (Zot:5)
  13 golden dragons
  Geryon (Hell)
  A profane servitor (Crypt:3)
  A pearl dragon (Pan)
  4 bone dragons
  The ghost of Zuyghoite the Impregnable, an adept MiFi of the Shining One (Vaults:2)
  8 iron giants
  3 doom hounds
  6 electric golems
  The ghost of buskinjo the Metallomancer, an adept GrEE of Vehumet (Depths:1)
  17 Tzitzimimeh
  13 liches
  18 Ice Fiends
  11 Brimstone Fiends
  14 tentacled monstrosities
  15 Hell Sentinels
  3 deep elf blademasters (Pan)
  25 Orb Guardians (Zot:5)
  7 quicksilver dragons
  17 titans
  5 deep elf master archers
  23 acid blobs
  21 Executioners
  13 ancient champions
  The ghost of Qoxzaag the Spry, an adept MfGl of Trog (Spider:3)
  9 sphinxes
  8 tentacled starspawn
  Kirke (Swamp:4)
  3 thorn hunters
  2 death cobs
  11 tengu reavers
  8 shadow dragons
  12 azure jellies
  7 draconian monks
  6 storm dragons
  6 daevas
  Roxanne (Swamp:4)
  24 fire giants
  The ghost of Geovud the Alchemist, an adept DsTm of Wu Jian (Spider:2)
  14 frost giants
  3 revenants
  10 cacodemons
  3 draconian knights
  9 ghost moths
  25 iron dragons
  15 deep elf sorcerers
  A warmonger (Pan)
  A caustic shrike zombie (Hell)
  16 vault wardens
  27 balrugs
  4 draconian scorchers
  6 curse skulls
  11 angels (Pan)
  5 emperor scorpions
  5 draconian annihilators
  Louise (Depths:3)
  2 juggernaut zombies (Hell)
  The ghost of Thaneod the Executioner, a journeyman MiSk of Trog (Orc:2)
  3 draconian shifters
  A draconian stormcaller (Zot:1)
  2 spriggan defenders
  3 deep elf elementalists
  20 ironheart preservers
  6 ophanim (Pan)
  30 war gargoyles
  26 ghouls
  35 stone giants
  36 reapers
  5 deep elf demonologists
  11 apis (Pan)
  31 very ugly things
  6 vampire knights
  2 elemental wellsprings (Coc:7)
  8 deep elf annihilators
  21 bennus
  8 green draconians
  2 blood saints (Pan)
  3 corrupters (Pan)
  A black sun (Pan)
  A spectral titan (Vaults:2)
  7 entropy weavers
  5 lorocyprocas
  The ghost of Terandir the Warrior, a journeyman MiFi of Cheibriados (D:12)
  6 white draconians
  6 black draconians
  11 yellow draconians
  4 spark wasps
  2 merfolk javelineers (Depths:3)
  4 purple draconians
  14 green deaths
  5 red draconians
  21 mummy priests
  29 blizzard demons
  21 ettins
  8 eidola
  10 death oozes
  14 deep elf death magi
  13 fire dragons
  2 quicksilver dragon zombies
  A crystal guardian (WizLab)
  9 deep elf high priests
  5 jiangshi
  16 great orbs of eyes
  2 kraken zombies
  The ghost of Yfixteps the Brawler, a journeyman TrMo of Cheibriados (Lair:2)
  28 yaktaur captains
  5 rakshasas
  The ghost of Utric the Spear-Bearer, a journeyman MiGl of Okawaru (Lair:3)
  24 ice dragons
  2 naga warriors (Abyss:3)
  32 vault guards
  2 ghost crabs (Swamp:2)
  3 hell beasts
  A monstrous demonspawn (Pan)
  2 quicksilver dragon skeletons
  15 centaur warriors
  A spectral shadow dragon (Vaults:2)
  24 hydras
  8 tengu warriors
  2 juggernaut simulacra (Pan)
  An anaconda (shapeshifter) (Vaults:2)
  14 alligators
  Erolcha (D:11)
  A spectral fire giant (Vaults:2)
  8 spriggan air magi
  5 death knights
  A queen ant (shapeshifter) (Vaults:5)
  A spectral human (Vaults:2)
  9 death yaks
  37 death scarabs
  A queen ant (Lair:6)
  10 titan zombies
  A satyr (shapeshifter) (Depths:5)
  9 deep troll shamans
  17 ogre magi
  43 two-headed ogres
  25 dancing weapons
  5 thrashing horrors
  5 orc high priests (Orc:2)
  6 vampire magi
  Urug (Orc:2)
  17 hell hogs
  A shock serpent (shapeshifter) (Depths:2)
  12 deep troll earth magi
  23 deep elf knights
  Nergalle (D:11)
  28 soul eaters
  4 storm dragon zombies
  8 spriggan berserkers
  44 sun demons
  9 iron golems
  7 wretched stars
  A fire crab (Lair:6)
  12 shadow wraiths
  2 golden dragon zombies
  6 titan skeletons
  16 iron trolls
  118 skeletal warriors
  A salamander mystic (Depths:4)
  11 anaconda zombies
  9 sixfirhies
  3 spatial maelstroms
  26 hell knights
  A death drake (Tar:7)
  2 spriggan druids
  A ghost moth zombie (Dis:7)
  28 deep trolls
  A quicksilver dragon simulacrum (Vaults:2)
  6 unseen horrors
  An infernal demonspawn (Pan)
  16 swamp dragons
  27 deep elf archers
  A gelid demonspawn (Pan)
  5 shadow demons
  21 flayed ghosts
  7 storm dragon skeletons
  3 shambling mangroves
  8 wizards
  A tengu zombie (Hell)
  2 anaconda skeletons
  40 phantasmal warriors
  10 glowing orange brains
  3 golden dragon skeletons
  The ghost of Thaneod the Destroyer, a novice DEAE of Vehumet (D:7)
  12 ironbrand convokers
  11 necromancers
  An orb spider (shapeshifter) (Depths:2)
  A spectral ettin (Vaults:2)
  14 orc knights
  7 shadow dragon zombies
  10 shining eyes
  3 harpies (Vaults:4)
  3 shadow dragon skeletons
  5 wolf spider zombies
  46 ugly things
  11 fire giant zombies
  4 oklob plants (Lair:6)
  8 orc sorcerers
  A wolf spider (shapeshifter) (Vaults:5)
  85 deep elf magi
  9 iron dragon zombies
  7 frost giant zombies
  9 stone giant zombies
  A manticore (D:11)
  18 orb spiders
  A tengu skeleton (Vaults:5)
  27 wolf spiders
  5 salamanders
  6 cyclopes
  An elephant (shapeshifter) (Elf:1)
  16 moths of wrath
  2 black mambas (shapeshifter)
  5 dire elephant zombies
  34 rust devils
  6 fire giant skeletons
  10 molten gargoyles
  16 black mambas
  8 ice statues
  4 apocalypse crabs (Abyss:1)
  A guardian serpent (Abyss:3)
  7 iron dragon skeletons
  A shock serpent zombie (Tar:7)
  A water nymph (shapeshifter) (Vaults:1)
  23 orange demons
  A naga mage (D:15)
  4 stone giant skeletons
  2 torpor snails
  2 yaktaur zombies (Hell)
  16 spiny frogs
  18 vault sentinels
  4 gargoyles
  3 shock serpent skeletons
  7 eyes of devastation
  2 frost giant skeletons
  4 titan simulacra
  16 smoke demons
  4 storm dragon simulacra (Coc:7)
  A minotaur zombie (Dis:4)
  2 kobold demonologists
  22 hellions
  5 centaur skeletons
  A redback zombie (D:15)
  41 freezing wraiths
  2 emperor scorpion zombies
  A rime drake (shapeshifter) (Depths:1)
  93 yaktaurs
  A catoblepas zombie (Crypt:1)
  25 tormentors
  7 komodo dragons
  7 dire elephant skeletons
  16 efreet
  14 demonic crawlers
  19 hellwings
  47 ice devils
  45 red devils
  An anaconda simulacrum (Crypt:1)
  A rime drake (Lair:2)
  34 guardian mummies
  3 catoblepas skeletons
  8 ancient zymes
  A white draconian skeleton (Crypt:2)
  41 jumping spiders
  A silent spectre (Tar:5)
  8 trolls
  A troll (shapeshifter) (Vaults:1)
  A tengu conjurer (Depths:1)
  11 hydra zombies
  2 harpy zombies
  2 wind drakes (shapeshifter)
  31 hornets
  A queen bee (Spider:1)
  17 tyrant leeches
  A polar bear (shapeshifter) (Vaults:4)
  A meliai (shapeshifter) (Vaults:1)
  Grinder (D:3)
  A blink frog (shapeshifter) (Vaults:5)
  8 bog bodies
  A harpy skeleton (Abyss:1)
  A shadow dragon simulacrum (Vaults:2)
  36 blink frogs
  A frost giant simulacrum (Vaults:2)
  A polar bear (Lair:4)
  4 fire dragon zombies
  134 slime creatures
  A hippogriff (shapeshifter) (Vaults:3)
  11 hippogriffs
  8 hydra skeletons
  A raiju (shapeshifter) (Vaults:2)
  6 ice dragon zombies
  4 alligator skeletons
  7 alligator zombies
  83 flying skulls
  2 human simulacra
  3 raiju
  6 ettin skeletons
  41 shadows
  37 starcursed masses
  A fire giant simulacrum (Vaults:3)
  5 air elementals
  7 ice dragon skeletons
  2 stone giant simulacra
  3 fire dragon skeletons
  4 vampires
  29 wraiths
  98 redbacks
  24 tarantellas
  4 wyverns
  60 yaks
  23 ynoxinuls
  A black mamba skeleton (Coc:7)
  17 ushabtiu
  11 ettin zombies
  17 spriggans
  20 water elementals
  A human (shapeshifter) (Elf:2)
  A human (D:8)
  A hog (shapeshifter) (Vaults:1)
  9 golden eyes (Slime:1)
  16 fire elementals
  16 neqoxecs
  4 hungry ghosts
  11 hogs
  16 vampire mosquitoes
  3 steam dragons
  2 yaktaur simulacra
  2 basilisks (Lair:6)
  10 chaos spawn
  A naga (Abyss:1)
  A merfolk zombie (Coc:2)
  2 spatial vortices
  A human zombie (Hell)
  37 large abominations
  18 swamp worms
  11 wargs
  4 insubstantial wisps (Swamp:3)
  4 acid dragons
  12 water moccasins
  50 hell hounds
  A monstrous demonspawn zombie (Crypt:3)
  26 soldier ants
  A floating eye (Depths:4)
  A hydra simulacrum (Coc:7)
  6 porcupines
  8 spiny frog zombies
  A hornet zombie (D:15)
  A water nymph skeleton (Crypt:1)
  A monstrous demonspawn skeleton (Crypt:1)
  15 swamp drakes
  6 sky beasts
  An alligator simulacrum (Coc:3)
  3 ettin simulacra
  A deep troll skeleton (Vaults:1)
  6 phantoms
  5 snapping turtle zombies
  3 black bears
  27 orc warriors
  7 eyes of draining
  2 manticore zombies
  26 necrophages
  4 spiny frog skeletons
  12 ice beasts
  3 swamp dragon zombies
  6 wolves
  14 boggarts
  47 ogres
  4 swamp dragon skeletons
  A fire dragon simulacrum (Coc:2)
  43 centaurs
  A manticore skeleton (Coc:7)
  An elf skeleton (Vaults:3)
  An orc skeleton (Vaults:1)
  A boggart (shapeshifter) (Vaults:5)
  14 big kobolds
  13 crocodiles
  2 snapping turtle skeletons
  An elf simulacrum (Vaults:1)
  11 small abominations
  14 earth elementals
  10 bullfrogs
  2 wyvern zombies
  A deep troll simulacrum (Vaults:2)
  6 human skeletons
  2 spiny frog simulacra
  6 wyvern skeletons
  9 scorpions
  A shapeshifter zombie (Crypt:2)
  A spriggan zombie (Dis:3)
  8 killer bees (Spider:1)
  An orc simulacrum (Vaults:1)
  58 wights
  2 electric eels
  A snapping turtle simulacrum (Coc:1)
  5 lava snakes (Lair:6)
  17 crimson imps
  4 centaur zombies
  6 howler monkeys
  2 bullfrog zombies (D:8)
  8 quasits
  33 orc priests
  6 jellies
  3 hounds
  A bullfrog skeleton (D:6)
  A gnoll shaman (D:7)
  37 iron imps
  5 iguanas
  33 orc wizards
  36 worker ants
  A worker ant (shapeshifter) (Vaults:5)
  A naga zombie (Coc:7)
  An ogre zombie (Tar:7)
  32 mummies
  Robin (D:4)
  A howler monkey skeleton (Crypt:2)
  A howler monkey zombie (D:9)
  6 gnolls
  21 adders
  8 shadow imps
  19 white imps
  10 ufetubi
  2 oozes
  An adder zombie (D:5)
  An iguana zombie (Crypt:1)
  A lava snake skeleton (Crypt:1)
  10 worms
  A barachi zombie (Crypt:2)
  3 dart slugs
  4 leopard geckos
  87 orcs
  11 bats
  10 giant cockroaches
  21 goblins
  12 hobgoblins
  17 jackals
  16 kobolds
  5 quokkas
  4 ball pythons
  5 frilled lizards
  A jackal skeleton (D:5)
  A kobold zombie (Tar:7)
  A quokka zombie (Crypt:1)
  7 rats
  A river rat skeleton (Crypt:1)
  4 bushes
  2 crawling corpses (Vaults:3)
  A fire vortex (Pan)
  3 fungi
  4 plants (D:10)
  6 starspawn tentacles
  A tentacle (Coc:7)
  A withered plant (Crypt:3)
4917 creatures vanquished.

Vanquished Creatures (collateral kills)
  Mnoleg (Pan)
  A deep elf master archer (Pan)
  A cacodemon (Pan)
  A bennu (Tomb:2)
  A sun demon (Pan)
  A stone giant zombie (Geh:7)
  A stone giant skeleton (Geh:7)
7 creatures vanquished.

Vanquished Creatures (others)
  3 eldritch tentacles
  7 death scarabs (Tomb:2)
  A shadow wraith (Depths:3)
  An anaconda zombie (Tomb:2)
  A frost giant skeleton (Geh:7)
  2 hellwings (Pan)
  A harpy zombie (Geh:1)
  A hydra skeleton (Tomb:2)
  A fire dragon skeleton (Geh:7)
  6 flying skulls
  A swamp worm (Swamp:4)
  A centaur (Vaults:4)
  2 mummies (Tomb:2)
  4 white imps
  An ufetubus (IceCv)
  17 ball lightnings (Pan)
  23 fungi
  A lurking horror (Abyss:1)
  25 plants
  11 starspawn tentacles
  10 tentacles
  4 withered plants (Crypt:3)
124 creatures vanquished.

Grand Total: 5048 creatures vanquished

Notes
Turn   | Place    | Note
-------+----------+-------------------------------------------
     0 | D:1      | glosham the Kobold Hunter began the quest for the Orb.
     0 | D:1      | Reached XP level 1. HP: 12/12 MP: 1/1
   137 | D:1      | Reached skill level 5 in Crossbows
   211 | D:1      | Reached XP level 2. HP: 7/17 MP: 2/2
   801 | D:1      | Reached XP level 3. HP: 18/21 MP: 3/3
   901 | D:1      | Reached skill level 6 in Crossbows
   997 | D:2      | Reached skill level 3 in Dodging
  1007 | D:2      | Reached XP level 4. HP: 26/26 MP: 4/4
  1366 | D:3      | Reached skill level 3 in Fighting
  1366 | D:3      | Reached XP level 5. HP: 22/32 MP: 5/5
  1674 | D:2      | Reached skill level 4 in Fighting
  2021 | D:4      | Reached XP level 6. HP: 40/40 MP: 6/6
  2050 | D:4      | Reached skill level 5 in Fighting
  2064 | D:4      | Noticed an ogre
  2072 | D:4      | Killed an ogre
  2072 | D:4      | Reached skill level 6 in Fighting
  2094 | D:4      | Reached XP level 7. HP: 38/46 MP: 7/7
  2282 | D:4      | Found a shadowy altar of Dithmenos.
  2342 | D:4      | Reached skill level 7 in Crossbows
  2473 | D:4      | Noticed Robin
  2662 | D:4      | Killed Robin
  2849 | D:4      | Learned a level 2 spell: Blink
  2931 | D:5      | Entered Level 5 of the Dungeon
  2941 | D:5      | Got an ichor-stained war axe
  2951 | D:5      | Reached skill level 8 in Crossbows
  2951 | D:5      | Reached XP level 8. HP: 46/51 MP: 8/8
  2952 | D:5      | Identified the +3 war axe "Ibbaal" {chop, -Tele rN+ Str+2 Int+2} (You found it on level 5 of the Dungeon)
  3223 | D:5      | Reached skill level 9 in Crossbows
  3286 | D:5      | Found a snail-covered altar of Cheibriados.
  3383 | D:5      | Got an encrusted long sword
  3384 | D:5      | Identified the +11 long sword "Nuysafuv" {freeze, rElec rPois rC- Dex+3} (You found it on level 5 of the Dungeon)
  3790 | D:5      | Reached skill level 10 in Crossbows
  4048 | D:3      | Reached skill level 4 in Dodging
  4341 | D:3      | Noticed Grinder
  4349 | D:3      | Killed Grinder
  4349 | D:3      | Reached skill level 6 in Dodging
  4349 | D:3      | Reached XP level 9. HP: 45/55 MP: 9/9
  4557 | D:6      | Reached skill level 7 in Dodging
  4699 | D:6      | Reached skill level 8 in Dodging
  5150 | D:7      | Found a runed gate.
  5150 | D:7      | Noticed a kobold demonologist
  5150 | D:7      | Noticed Thaneod's ghost (novice DEAE)
  5153 | D:7      | Found a runed gate.
  5153 | D:7      | Found a runed gate.
  5260 | D:7      | Reached skill level 9 in Dodging
  5320 | D:7      | Found Jieh's General Store.
  5340 | D:7      | Bought a potion of might for 56 gold pieces
  5359 | D:7      | Reached skill level 7 in Fighting
  5780 | D:7      | Reached XP level 10. HP: 64/64 MP: 10/10
  5797 | D:7      | Found a staircase to the Ecumenical Temple.
  5807 | Temple   | Entered the Ecumenical Temple
  5816 | Temple   | Became a worshipper of Warmaster Okawaru
  5947 | D:7      | Reached skill level 10 in Dodging
  5957 | D:7      | Killed a kobold demonologist
  5957 | D:7      | Reached skill level 8 in Fighting
  5957 | D:7      | Reached skill level 1 in Armour
  5970 | D:7      | Killed Thaneod's ghost
  5970 | D:7      | Reached skill level 2 in Armour
  5971 | D:7      | Reached * piety under Okawaru
  5978 | D:7      | Reached skill level 9 in Fighting
  5978 | D:7      | Reached skill level 11 in Dodging
  6056 | D:7      | Bought 15 bolts for 42 gold pieces
  6056 | D:7      | Bought 24 bolts for 67 gold pieces
  6198 | D:8      | Reached skill level 1 in Invocations
  6220 | D:8      | Noticed a two-headed ogre
  6230 | D:8      | Killed a two-headed ogre
  6230 | D:8      | Reached ** piety under Okawaru
  6346 | D:8      | Found Ganusche's Assorted Antiques.
  6354 | D:8      | Bought a scroll labeled LAULOIF HYRY for 34 gold pieces
  6367 | D:8      | Reached skill level 2 in Invocations
  6369 | D:8      | Reached skill level 11 in Crossbows
  6372 | D:8      | Reached XP level 11. HP: 64/71 MP: 12/12
  6969 | D:9      | Reached *** piety under Okawaru
  7202 | D:9      | Reached skill level 3 in Invocations
  7924 | D:10     | Entered Level 10 of the Dungeon
  7925 | D:10     | Noticed a tengu warrior
  7934 | D:10     | Noticed an orc knight
  7938 | D:10     | Killed a tengu warrior
  7951 | D:10     | Killed an orc knight
  7951 | D:10     | Reached skill level 10 in Fighting
  7951 | D:10     | Reached skill level 12 in Crossbows
  7951 | D:10     | Reached skill level 4 in Invocations
  7958 | D:10     | Noticed a red ugly thing
  8020 | D:10     | Killed a red ugly thing
  8020 | D:10     | Received a gift from Okawaru
  8167 | D:10     | Found Daqaunif's Food Emporium.
  8439 | D:10     | Reached **** piety under Okawaru
  8439 | D:10     | Reached skill level 12 in Dodging
  9025 | D:10     | Found a staircase to the Lair.
  9200 | D:8      | Bought a pitted ring mail for 306 gold pieces
  9200 | D:8      | Identified the cursed +1 ring mail "Hanlau Koypu" {+Blink rC+} (You bought it in a shop on level 8 of the Dungeon)
  9294 | Lair:1   | Entered Level 1 of the Lair of Beasts
  9717 | Lair:1   | Received a gift from Okawaru
  9823 | Lair:2   | Upgraded the game from 0.22.0-25-g7663229 to 0.22.0-27-ga576289
  9993 | Lair:2   | Reached skill level 5 in Invocations
 10017 | Lair:2   | Reached XP level 12. HP: 78/78 MP: 15/15
 10269 | Lair:2   | Reached skill level 13 in Crossbows
 10270 | Lair:2   | Reached ***** piety under Okawaru
 10553 | Lair:2   | Found a runed door.
 10554 | Lair:2   | Noticed Yfixteps's ghost (journeyman TrMo)
 10584 | Lair:2   | Killed Yfixteps's ghost
 10584 | Lair:2   | Reached skill level 6 in Invocations
 10632 | Lair:2   | Received a gift from Okawaru
 10827 | Lair:3   | Reached skill level 11 in Fighting
 10970 | Lair:3   | Reached skill level 14 in Crossbows
 11006 | Lair:3   | Found a transporter.
 11232 | Lair:3   | Received a gift from Okawaru
 11232 | Lair:3   | Reached skill level 13 in Dodging
 11234 | Lair:3   | Identified the +3 arbalest "Faocurov" {penet, rElec} (Okawaru gifted it to you on level 3 of the Lair of Beasts)
 11364 | Lair:3   | Reached skill level 7 in Invocations
 11378 | Lair:3   | Reached XP level 13. HP: 84/84 MP: 18/18
 11402 | Lair:3   | Found a transporter.
 11406 | Lair:3   | Noticed Utric's ghost (journeyman MiGl)
 11406 | Lair:3   | Noticed a five-headed hydra
 11489 | Lair:3   | Killed a five-headed hydra
 11499 | Lair:3   | Killed Utric's ghost
 11639 | D:8      | Bought a small peridot amulet for 170 gold pieces
 11879 | Lair:4   | Reached skill level 15 in Crossbows
 11990 | Lair:4   | Received a gift from Okawaru
 12056 | Lair:4   | Reached skill level 16 in Crossbows
 12069 | Lair:4   | Found a hole to the Spider Nest.
 12174 | Lair:4   | Found a dark tunnel.
 12183 | Volcano  | Entered a volcano
 12201 | Volcano  | Received a gift from Okawaru
 12397 | Lair:4   | Found a staircase to the Swamp.
 12466 | Lair:4   | Reached ****** piety under Okawaru
 12476 | Lair:4   | Received a gift from Okawaru
 12476 | Lair:4   | Reached skill level 17 in Crossbows
 12488 | Lair:4   | Got a pair of faintly humming boots {god gift}
 12494 | Lair:4   | Identified the -1 pair of boots of Okawaru's Condemnation {MR+ Regen+ Dex+3} (Okawaru gifted it to you on level 4 of the Lair of Beasts)
 12828 | Lair:5   | Noticed a four-headed hydra
 12833 | Lair:5   | Killed a four-headed hydra
 12903 | Lair:5   | Noticed a six-headed hydra
 12913 | Lair:5   | Killed a six-headed hydra
 12913 | Lair:5   | Reached XP level 14. HP: 64/90 MP: 19/19
 13074 | Lair:5   | Reached skill level 18 in Crossbows
 13098 | Lair:5   | Got a pair of pitted boots
 13505 | Lair:6   | Entered Level 6 of the Lair of Beasts
 13528 | Lair:6   | Found a staircase to the Slime Pits.
 13601 | Lair:6   | Reached skill level 8 in Invocations
 13665 | Lair:6   | Received a gift from Okawaru
 13685 | Lair:6   | Got a pair of bloodstained boots
 13690 | Lair:6   | Reached skill level 12 in Fighting
 13778 | Lair:6   | Reached skill level 3 in Armour
 13788 | Lair:6   | Received a gift from Okawaru
 13789 | Lair:6   | Found the -2 hat of the Alchemist {rElec rPois rF+ rC+ rN+ MR+ rMut rCorr}
 13922 | Lair:6   | Reached skill level 14 in Dodging
 14056 | Lair:6   | Noticed an entropy weaver
 14056 | Lair:6   | Noticed an entropy weaver
 14083 | Lair:6   | Reached skill level 9 in Invocations
 14092 | Lair:6   | Killed an entropy weaver
 14161 | Lair:6   | Killed an entropy weaver
 14383 | Lair:6   | Reached XP level 15. HP: 97/97 MP: 22/22
 14457 | Lair:6   | Found a sacrificial altar of Ru.
 14478 | Lair:6   | Reached skill level 4 in Armour
 14561 | Lair:6   | Identified the +1 pair of boots of Vupn {+Blink rN+ MP-9 Str+2} (You found it on level 5 of the Lair of Beasts)
 14571 | Lair:6   | Identified the cursed +0 pair of boots of the Moon {rElec rCorr Slay+2 SInv} (You found it on level 6 of the Lair of Beasts)
 14596 | Lair:6   | Got a jewelled chain mail
 14607 | Lair:6   | Identified the +7 chain mail of Evolution {rC+ Dex+4} (You found it on level 6 of the Lair of Beasts)
 14970 | Lair:6   | Received a gift from Okawaru
 14975 | Lair:6   | Reached skill level 13 in Fighting
 14979 | Lair:6   | Got a pair of warped boots {god gift}
 15048 | Lair:6   | Reached skill level 10 in Invocations
 15087 | Lair:6   | Found a large runed door.
 15224 | Lair:6   | Found a large runed door.
 15278 | Lair:6   | Identified the +0 pair of boots of Decompression {Str+4} (Okawaru gifted it to you on level 6 of the Lair of Beasts)
 15515 | D:11     | Noticed Erolcha
 15520 | D:11     | Killed Erolcha
 15547 | D:11     | Reached skill level 15 in Dodging
 15750 | D:11     | Found Bikk's Antique Armour Shoppe.
 15760 | D:11     | Noticed Nergalle
 15771 | D:11     | Killed Nergalle
 15771 | D:11     | Reached skill level 5 in Armour
 16087 | D:12     | Found Piusuat's Armour Shoppe.
 16087 | D:12     | Found a staircase to the Orcish Mines.
 16133 | D:12     | Found a bloodstained altar of Trog.
 16518 | D:12     | Found a runed gate.
 16521 | D:12     | Found a runed gate.
 16521 | D:12     | Found a runed gate.
 16522 | D:12     | Found the +7 mace of Variability {chain chaos}
 16522 | D:12     | Noticed Terandir's ghost (journeyman MiFi)
 16556 | D:12     | Killed Terandir's ghost
 16556 | D:12     | Received a gift from Okawaru
 16825 | Orc:1    | Entered Level 1 of the Orcish Mines
 16880 | Orc:1    | Reached skill level 11 in Invocations
 17069 | Orc:2    | Entered Level 2 of the Orcish Mines
 17081 | Orc:2    | Received a gift from Okawaru
 17218 | Orc:2    | Noticed Urug
 17241 | Orc:2    | Killed Urug
 17297 | Orc:2    | Found a staircase to the Elven Halls.
 17811 | Orc:2    | Found a runed door.
 17839 | Orc:2    | Found a shimmering altar of Xom.
 17839 | Orc:2    | Noticed Thaneod's ghost (journeyman MiSk)
 17900 | Orc:2    | Reached XP level 16. HP: 105/105 MP: 24/24
 17973 | Orc:2    | Reached skill level 6 in Armour
 17975 | Orc:2    | Received a gift from Okawaru
 18063 | Orc:2    | Reached skill level 14 in Fighting
 18368 | Orc:2    | Found Koaky's Antique Weapon Emporium.
 18368 | Orc:2    | Found Zuhirghu's Book Shoppe.
 18369 | Orc:2    | Found Fixkuf's Gadget Shoppe.
 18372 | Orc:2    | Found Sijam's Jewellery Emporium.
 18432 | Orc:2    | Bought the ring "Nafiec" {+Fly rF+ rC+ Stlth+} for 439 gold pieces
 18748 | D:7      | Bought a scroll of silence for 105 gold pieces
 18748 | D:7      | Bought a scroll of fog for 28 gold pieces
 18748 | D:7      | Bought a scroll of blinking for 105 gold pieces
 19499 | D:13     | Reached skill level 16 in Dodging
 19722 | D:13     | Found a gate to the Vaults.
 20223 | D:14     | Received a gift from Okawaru
 20263 | D:14     | Reached skill level 7 in Armour
 20425 | D:15     | Entered Level 15 of the Dungeon
 20439 | D:15     | Reached skill level 12 in Invocations
 20617 | D:15     | Found a glowing silver altar of Zin.
 20617 | D:15     | Found a runed door.
 20617 | D:15     | Noticed a daeva
 21067 | D:15     | Received a gift from Okawaru
 21097 | D:15     | Found a staircase to the Depths.
 21389 | Swamp:1  | Entered Level 1 of the Swamp
 21461 | Swamp:1  | Reached XP level 17. HP: 94/112 MP: 26/26
 21542 | Swamp:2  | Noticed a thorn hunter
 21775 | Swamp:3  | Reached skill level 15 in Fighting
 21778 | Swamp:3  | Received a gift from Okawaru
 21945 | Swamp:3  | Received a gift from Okawaru
 22178 | Swamp:3  | Reached skill level 17 in Dodging
 22809 | Swamp:1  | Reached skill level 19 in Crossbows
 23329 | Swamp:2  | Killed a thorn hunter
 23490 | Swamp:2  | Received a gift from Okawaru
 23586 | Swamp:2  | Found a basalt altar of Yredelemnul.
 24050 | Swamp:4  | Entered Level 4 of the Swamp
 24079 | Swamp:4  | Reached skill level 16 in Fighting
 24219 | Swamp:4  | Found a frozen archway.
 24239 | IceCv    | Entered an ice cave
 24275 | IceCv    | Reached XP level 18. HP: 120/120 MP: 27/27
 24643 | IceCv    | Noticed an Ice Fiend
 24655 | IceCv    | Killed an Ice Fiend
 24655 | IceCv    | Reached skill level 18 in Dodging
 24724 | IceCv    | Noticed an Ice Fiend
 24736 | IceCv    | Killed an Ice Fiend
 25105 | Swamp:4  | Received a gift from Okawaru
 25242 | Swamp:4  | Reached skill level 20 in Crossbows
 25555 | Swamp:4  | Got a decaying rune of Zot
 25749 | Swamp:4  | Received a gift from Okawaru
 25763 | Swamp:4  | Identified the +6 chain mail "Lobbe" {rC+} (Okawaru gifted it to you on level 4 of the Swamp)
 25863 | Swamp:4  | Noticed Kirke
 25877 | Swamp:4  | Killed Kirke
 25883 | Swamp:4  | Noticed Roxanne
 25900 | Swamp:4  | Killed Roxanne
 25900 | Swamp:4  | Reached skill level 17 in Fighting
 25928 | Swamp:4  | Identified Roxanne's Catalogue of Transformation (You took it off Roxanne on level 4 of the Swamp)
 26399 | Elf:1    | Entered Level 1 of the Elven Halls
 26662 | Elf:1    | Reached skill level 19 in Dodging
 26664 | Elf:1    | Reached XP level 19. HP: 101/128 MP: 23/28
 27538 | Elf:2    | Received a gift from Okawaru
 27721 | Elf:2    | Found a runed gate.
 27721 | Elf:2    | Found a runed gate.
 27721 | Elf:2    | Found a runed gate.
 27880 | Elf:2    | Found a magical portal.
 27885 | WizLab   | Entered Doroklohe's Tomb
 28364 | WizLab   | Reached skill level 21 in Crossbows
 28511 | WizLab   | Received a gift from Okawaru
 28552 | WizLab   | Noticed an electric golem
 28572 | WizLab   | Killed an electric golem
 28582 | WizLab   | Received a gift from Okawaru
 29415 | Elf:2    | Received a gift from Okawaru
 29416 | Elf:2    | Reached skill level 22 in Crossbows
 29547 | Elf:3    | Entered Level 3 of the Elven Halls
 29593 | Elf:3    | Found Wiplia's Food Emporium.
 29660 | Elf:3    | Found Pyffuasm's Armour Boutique.
 29677 | Elf:3    | Reached XP level 20. HP: 128/136 MP: 29/29
 29846 | Elf:3    | Found a radiant altar of Vehumet.
 29886 | Elf:3    | Received a gift from Okawaru
 30027 | Elf:3    | Found Fiohyvvo's Distillery.
 30047 | Elf:3    | Bought a potion of agility for 56 gold pieces
 30047 | Elf:3    | Bought a potion of lignification for 42 gold pieces
 30047 | Elf:3    | Bought a potion of flight for 42 gold pieces
 30047 | Elf:3    | Bought a potion of curing for 42 gold pieces
 30047 | Elf:3    | Bought a potion of flight for 42 gold pieces
 30047 | Elf:3    | Bought a potion of agility for 56 gold pieces
 30047 | Elf:3    | Bought 3 potions of invisibility for 336 gold pieces
 30047 | Elf:3    | Bought a potion of cancellation for 112 gold pieces
 30047 | Elf:3    | Bought a potion of curing for 42 gold pieces
 30465 | Elf:3    | Reached skill level 23 in Crossbows
 30606 | Elf:3    | Identified the cursed +1 short sword of Valiance {pierce, Dex+4} (You took it off a deep elf annihilator on level 3 of the Elven Halls)
 30653 | Elf:3    | Got a steaming ivory ring
 30654 | Elf:3    | Identified the ring "Waut" {rElec rC- AC+6 Int+6 Stlth+} (You took it off a deep elf high priest on level 3 of the Elven Halls)
 30768 | Elf:3    | Got a twitching marble ring
 30804 | Elf:3    | Identified the ring of Koong {+Inv MR+ Str+6 Int+4} (You took it off a deep elf annihilator on level 3 of the Elven Halls)
 30821 | Elf:3    | Got a clouded platinum ring
 30822 | Elf:3    | Identified the ring "Dyakovek" {-Tele +Fly rN+ MR+} (You took it off a deep elf demonologist on level 3 of the Elven Halls)
 30845 | Elf:3    | Identified the cursed +0 cloak of Dymotoes {Int+6} (You found it on level 3 of the Elven Halls)
 30940 | Elf:3    | Identified the cursed +0 ring mail of Responsibility {Dex+2 Slay+3} (You found it on level 3 of the Elven Halls)
 31516 | Spider:1 | Entered Level 1 of the Spider Nest
 31597 | Spider:1 | Received a gift from Okawaru
 31903 | Spider:1 | Received a gift from Okawaru
 31994 | Spider:1 | Reached skill level 24 in Crossbows
 32315 | Spider:2 | Received a gift from Okawaru
 32472 | Spider:2 | Found a large runed door.
 32580 | Spider:2 | Found a large runed door.
 32581 | Spider:2 | Noticed Geovud's ghost (adept DsTm)
 32587 | Spider:2 | Killed Geovud's ghost
 32617 | Spider:2 | Received a gift from Okawaru
 33034 | Spider:3 | Received a gift from Okawaru
 33034 | Spider:3 | Reached XP level 21. HP: 140/140 MP: 30/30
 33346 | Spider:3 | Found a runed door.
 33353 | Spider:3 | Noticed Qoxzaag's ghost (adept MfGl)
 33551 | Spider:3 | Killed Qoxzaag's ghost
 33629 | Spider:4 | Entered Level 4 of the Spider Nest
 33693 | Spider:4 | Reached skill level 25 in Crossbows
 34158 | Spider:4 | Received a gift from Okawaru
 34785 | Spider:4 | Reached skill level 26 in Crossbows
 34819 | Spider:4 | Got a gossamer rune of Zot
 35406 | D:15     | Reached skill level 1 in Evocations
 35648 | Orc:2    | Killed Thaneod's ghost
 35757 | Vaults:1 | Entered Level 1 of the Vaults
 35823 | Vaults:1 | Noticed a lich
 35827 | Vaults:1 | Killed a lich
 35827 | Vaults:1 | Reached skill level 2 in Evocations
 35896 | Vaults:1 | Reached skill level 18 in Fighting
 35972 | Vaults:1 | Received a gift from Okawaru
 36033 | Vaults:1 | Reached skill level 3 in Evocations
 36033 | Vaults:1 | Reached XP level 22. HP: 147/147 MP: 31/31
 36113 | Vaults:1 | Received a gift from Okawaru
 36115 | Vaults:1 | Identified the +4 arbalest "Gavetu" {venom, *Slow MR+ Dex+4} (Okawaru gifted it to you on level 1 of the Vaults)
 36466 | Vaults:1 | Found Koeh's Food Emporium.
 36566 | Vaults:1 | Identified the +7 arbalest of Poimigue {venom, *Drain rPois Str+4 Dex+3} (You found it on level 1 of the Vaults)
 36635 | Vaults:1 | Reached skill level 4 in Evocations
 36739 | Vaults:1 | Identified the +2 scimitar of Ointment {venom, Fragile +Fly rPois rN+++} (You found it on level 1 of the Vaults)
 36761 | Vaults:1 | Received a gift from Okawaru
 36969 | Vaults:1 | Identified a +0 pair of boots of running (Okawaru gifted it to you on level 1 of the Vaults)
 37317 | Vaults:2 | Reached skill level 20 in Dodging
 37395 | Vaults:2 | Found a runed gate.
 37395 | Vaults:2 | Found a runed gate.
 37396 | Vaults:2 | Found a runed gate.
 37398 | Vaults:2 | Noticed Zuyghoite's ghost (adept MiFi)
 37496 | Vaults:2 | Killed Zuyghoite's ghost
 37503 | Vaults:2 | Reached skill level 5 in Evocations
 37602 | Vaults:2 | Reached skill level 8 in Armour
 38125 | Vaults:3 | Reached skill level 13 in Invocations
 38190 | Vaults:3 | Reached skill level 6 in Evocations
 38554 | Vaults:3 | Reached XP level 23. HP: 153/153 MP: 32/32
 38555 | Vaults:3 | Received a gift from Okawaru
 38681 | Vaults:3 | Found a staircase to the Crypt.
 38774 | Vaults:3 | Reached skill level 7 in Evocations
 38841 | Vaults:3 | Found the brooch of Shielding {Reflect SH+8}
 39024 | Vaults:3 | Received a gift from Okawaru
 39405 | Vaults:4 | Received a gift from Okawaru
 39429 | Vaults:4 | Reached skill level 9 in Armour
 39607 | Vaults:4 | Reached skill level 8 in Evocations
 39869 | Vaults:4 | Reached skill level 19 in Fighting
 39901 | Vaults:4 | Received a gift from Okawaru
 40293 | Vaults:4 | Reached skill level 14 in Invocations
 40446 | Crypt:1  | Entered Level 1 of the Crypt
 40470 | Crypt:1  | Reached skill level 9 in Evocations
 40494 | Crypt:1  | Reached XP level 24. HP: 160/160 MP: 33/33
 40583 | Crypt:1  | Reached skill level 21 in Dodging
 41444 | Crypt:2  | Received a gift from Okawaru
 41768 | Crypt:2  | Reached skill level 10 in Evocations
 41903 | Crypt:3  | Entered Level 3 of the Crypt
 42085 | Crypt:3  | Reached skill level 15 in Invocations
 42257 | Crypt:3  | Found a staircase to the Tomb.
 42634 | Crypt:3  | Received a gift from Okawaru
 42634 | Crypt:3  | Reached skill level 20 in Fighting
 42817 | Crypt:3  | Received a gift from Okawaru
 42832 | Crypt:3  | Identified the +11 arbalest "Pealubi" {elec, *Drain rC+ rN+++ Dex+3} (Okawaru gifted it to you on level 3 of the Crypt)
 43104 | Crypt:3  | Reached XP level 25. HP: 168/168 MP: 34/34
 43120 | Crypt:3  | Found a basalt altar of Yredelemnul.
 43211 | Crypt:3  | Reached skill level 22 in Dodging
 43400 | Crypt:3  | Reached skill level 11 in Evocations
 43593 | Crypt:3  | Received a gift from Okawaru
 43615 | Crypt:3  | Identified Nemodiociph's Papyrus of Creative Lightness
 43744 | Tomb:1   | Entered Level 1 of the Tomb of the Ancients
 44376 | Tomb:1   | Reached skill level 21 in Fighting
 44623 | Tomb:1   | Reached skill level 12 in Evocations
 44664 | Tomb:1   | Got a glittering emerald amulet
 44665 | Tomb:1   | Identified the amulet "Iffiufu" {+Fly rElec rPois Regen+ Stlth-} (You found it on level 1 of the Tomb of the Ancients)
 44686 | Tomb:1   | Noticed a greater mummy
 44707 | Tomb:1   | Killed a greater mummy
 45599 | Vaults:5 | Entered Level 5 of the Vaults
 45602 | Vaults:5 | Received a gift from Okawaru
 45603 | Vaults:5 | Got a distressingly furry ring mail {god gift}
 45864 | Vaults:5 | Reached XP level 26. HP: 177/177 MP: 34/34
 45981 | Vaults:5 | Identified the Guide on Fire
 46093 | Vaults:5 | Reached skill level 13 in Evocations
 46195 | Vaults:5 | Reached skill level 22 in Fighting
 46195 | Vaults:5 | Reached skill level 23 in Dodging
 46356 | Vaults:5 | Noticed an ancient lich
 46365 | Vaults:5 | Killed an ancient lich
 46408 | Vaults:5 | Received a gift from Okawaru
 46511 | Vaults:5 | Noticed Xtahua
 46517 | Vaults:5 | Killed Xtahua
 46517 | Vaults:5 | Reached skill level 14 in Evocations
 46761 | Vaults:5 | Identified the +3 ring mail "Zeykudgh" {rN+} (Okawaru gifted it to you on level 5 of the Vaults)
 46784 | Vaults:5 | Identified the +10 chain mail "Visem" {MR+++ Int+2 Dex-3 SInv} (You took it off a deep elf high priest on level 5 of the Vaults)
 46850 | Vaults:5 | Noticed Margery
 46857 | Vaults:5 | Killed Margery
 46877 | Vaults:5 | Reached skill level 23 in Fighting
 46879 | Vaults:5 | Reached XP level 27. HP: 159/188 MP: 34/34
 47019 | Vaults:5 | Identified the cursed +0 demon whip of Doors {freeze, rPois Dex+4} (You took it off a vault sentinel on level 5 of the Vaults)
 47029 | Vaults:5 | Noticed an ancient lich
 47043 | Vaults:5 | Killed an ancient lich
 47043 | Vaults:5 | Received a gift from Okawaru
 47165 | Vaults:5 | Reached skill level 15 in Evocations
 47381 | Vaults:5 | Identified Pyusseal's Papyrus of Dark Conjuration
 47472 | Vaults:5 | Got a silver rune of Zot
 47622 | Vaults:5 | Reached skill level 24 in Dodging
 47676 | Vaults:5 | Identified Daicojyl's Papyrus of Creative Black Arts
 47784 | Vaults:5 | Identified A Beginning Course on Sorcery
 48154 | Depths:1 | Entered Level 1 of the Depths
 48156 | Depths:1 | Found a gateway to Hell.
 48209 | Depths:1 | Reached skill level 24 in Fighting
 48259 | Depths:1 | Received a gift from Okawaru
 48325 | Depths:1 | Found a runed gate.
 48523 | Depths:1 | Found a runed gate.
 48525 | Depths:1 | Found a runed gate.
 48528 | Depths:1 | Noticed buskinjo's ghost (adept GrEE)
 48550 | Depths:1 | Killed buskinjo's ghost
 48658 | Depths:1 | Found a one-way gate leading to the halls of Pandemonium.
 48806 | Depths:1 | Found a shimmering altar of Xom.
 49063 | Depths:1 | Noticed Sojobo
 49081 | Depths:1 | Killed Sojobo
 49081 | Depths:1 | Received a gift from Okawaru
 49134 | Depths:1 | Found a gateway to a ziggurat.
 49273 | Depths:1 | Received a gift from Okawaru
 49344 | Depths:1 | Found a burning altar of Makhleb.
 49438 | Depths:1 | Found a runed door.
 49439 | Depths:1 | Found a runed door.
 49443 | Depths:1 | Found a runed door.
 49445 | Depths:1 | Received a gift from Okawaru
 49457 | Depths:1 | Reached skill level 25 in Fighting
 49996 | Depths:1 | Reached skill level 25 in Dodging
 50181 | Depths:2 | Found Nafedakk's Distillery.
 50188 | Depths:2 | Bought a potion of curing for 60 gold pieces
 50188 | Depths:2 | Bought 2 potions of mutation for 320 gold pieces
 50188 | Depths:2 | Bought a potion of agility for 80 gold pieces
 50188 | Depths:2 | Bought a potion of heal wounds for 100 gold pieces
 50188 | Depths:2 | Bought a potion of heal wounds for 100 gold pieces
 50188 | Depths:2 | Bought a potion of curing for 60 gold pieces
 50188 | Depths:2 | Bought a potion of heal wounds for 100 gold pieces
 50188 | Depths:2 | Bought a potion of curing for 60 gold pieces
 50188 | Depths:2 | Bought a potion of agility for 80 gold pieces
 50188 | Depths:2 | Bought a potion of agility for 80 gold pieces
 50188 | Depths:2 | Bought a potion of haste for 200 gold pieces
 50478 | Depths:2 | Got a transparent bronze ring
 50479 | Depths:2 | Identified the ring "Pojiet" {rElec MP+9 Str+3 Int+4 SInv} (You found it on level 2 of the Depths)
 50752 | Depths:2 | Found a one-way gate to the infinite horrors of the Abyss.
 51051 | Depths:2 | Received a gift from Okawaru
 51241 | Depths:2 | Reached skill level 26 in Fighting
 52250 | Depths:3 | Noticed Louise
 52252 | Depths:3 | Killed Louise
 52544 | D:11     | Bought a pair of runed boots for 240 gold pieces
 52795 | Elf:3    | Bought 2 potions of magic for 224 gold pieces
 52820 | Elf:3    | Bought a +0 pair of boots of flying for 207 gold pieces
 52978 | Orc:2    | Bought a book of Spatial Translocations for 975 gold pieces
 52978 | Orc:2    | Bought a book of Cantrips for 300 gold pieces
 52980 | Orc:2    | Learned a level 1 spell: Apportation
 53999 | Depths:3 | Identified the +3 ring mail of the Abyss {rCorr SInv} (You found it on level 3 of the Depths)
 54023 | Depths:3 | Identified the +6 pearl dragon scales "Tikiwik" {rC++ rN+ Str-4} (You found it on level 3 of the Depths)
 54333 | Depths:4 | Noticed Boris
 54345 | Depths:4 | Killed Boris
 54436 | Depths:4 | Received a gift from Okawaru
 54517 | Depths:4 | Found Waqoch's Weapon Shop.
 54597 | Depths:4 | Reached skill level 26 in Dodging
 54667 | Depths:4 | Received a gift from Okawaru
 54668 | Depths:4 | Found the +8 orange crystal plate armour {Archmagi, Int+3 Clar}
 54672 | Depths:4 | Noticed a juggernaut
 54678 | Depths:4 | Killed a juggernaut
 54686 | Depths:4 | Paralysed by a floating eye for 2 turns
 55125 | Depths:4 | Found Hebbucon's Gadget Boutique.
 55127 | Depths:4 | Found Ricocs Ciqu's Jewellery Emporium.
 55128 | Depths:4 | Found Hedumoh's Gadget Boutique.
 55348 | Depths:4 | Bought a wand of digging (10) for 448 gold pieces
 55381 | Depths:5 | Entered Level 5 of the Depths
 55687 | Depths:5 | Noticed Boris
 55692 | Depths:5 | Killed Boris
 55851 | Depths:5 | Reached skill level 10 in Armour
 55851 | Depths:5 | Reached skill level 16 in Invocations
 55851 | Depths:5 | Reached skill level 16 in Evocations
 56094 | Depths:5 | Received a gift from Okawaru
 56179 | Depths:5 | Found a gate to the Realm of Zot.
 56340 | Zot:1    | Entered Level 1 of the Realm of Zot
 56554 | Zot:1    | Received a gift from Okawaru
 56555 | Zot:1    | Identified the +9 arbalest of the Ancients {elec, Int+2} (Okawaru gifted it to you on level 1 of the Realm of Zot)
 56633 | Zot:1    | Reached skill level 17 in Invocations
 56879 | Zot:1    | Reached skill level 18 in Invocations
 56974 | Zot:2    | Received a gift from Okawaru
 56996 | Zot:2    | Found a white marble altar of Elyvilon.
 57360 | Zot:2    | Received a gift from Okawaru
 57361 | Zot:2    | Found the +3 crown of Dyrovepreva {rElec Int+2 SInv}
 57373 | Zot:2    | Reached skill level 19 in Invocations
 58115 | Zot:3    | Identified the cursed +1 hand crossbow of Ozyofoeh {speed, Str+6} (You found it on level 3 of the Realm of Zot)
 58373 | Zot:3    | Reached skill level 20 in Invocations
 59170 | Zot:5    | Entered Level 5 of the Realm of Zot
 59253 | Zot:5    | Reached skill level 21 in Invocations
 59500 | Zot:5    | Noticed an orb of fire
 59509 | Zot:5    | Killed an orb of fire
 59540 | Zot:5    | Received a gift from Okawaru
 59584 | Zot:5    | Got a scintillating ivory ring
 59585 | Zot:5    | Identified the ring of Mezxam {rElec rPois rF+ rN+ Int-5} (You found it on level 5 of the Realm of Zot)
 59669 | Zot:5    | Received a gift from Okawaru
 59826 | Zot:5    | Noticed an ancient lich
 59831 | Zot:5    | Killed an ancient lich
 59831 | Zot:5    | Received a gift from Okawaru
 59831 | Zot:5    | Reached skill level 22 in Invocations
 59894 | Zot:5    | Noticed an ancient lich
 59901 | Zot:5    | Killed an ancient lich
 59901 | Zot:5    | Received a gift from Okawaru
 59902 | Zot:5    | Identified the +0 cloak of Miupun {Regen+ Int+2} (Okawaru gifted it to you on level 5 of the Realm of Zot)
 59912 | Zot:5    | Noticed an ancient lich
 59917 | Zot:5    | Noticed an ancient lich
 59918 | Zot:5    | Noticed an orb of fire
 59919 | Zot:5    | Killed an ancient lich
 59920 | Zot:5    | Noticed an ancient lich
 59921 | Zot:5    | Noticed an orb of fire
 59940 | Zot:5    | HP: 6/212 [Orb Guardian (21)]
 59946 | Zot:5    | Noticed an ancient lich
 60220 | Zot:5    | Killed an orb of fire
 60254 | Zot:5    | Killed an ancient lich
 60254 | Zot:5    | Reached skill level 23 in Invocations
 60265 | Zot:5    | Killed an ancient lich
 60270 | Zot:5    | Killed an ancient lich
 60334 | Zot:5    | Noticed an ancient lich
 60343 | Zot:5    | Killed an ancient lich
 60653 | Zot:5    | Identified a scroll of acquirement
 60661 | Zot:5    | Identified the +5 arbalest "Dofrostry" {freeze, rF+ Int+3 Dex+4} (You acquired it on level 5 of the Realm of Zot)
 60669 | Zot:5    | Received a gift from Okawaru
 60701 | Zot:5    | Reached skill level 24 in Invocations
 60722 | Zot:5    | Noticed an orb of fire
 60722 | Zot:5    | Gained mutation: Your spells are a little easier to cast, but a little less powerful. [an orb of fire]
 60730 | Zot:5    | Killed an orb of fire
 60730 | Zot:5    | Received a gift from Okawaru
 60839 | Zot:5    | Noticed an orb of fire
 60849 | Zot:5    | Killed an orb of fire
 60883 | Zot:5    | Gained mutation: Your magical capacity is low. (-10% MP) [an orb of fire]
 60898 | Zot:5    | Killed an orb of fire
 60898 | Zot:5    | Reached skill level 25 in Invocations
 60906 | Zot:5    | Lost mutation: Your spells are a little easier to cast, but a little less powerful. [a Zot trap]
 60941 | Zot:5    | Noticed an ancient lich
 60945 | Zot:5    | Killed an ancient lich
 61110 | Zot:5    | Noticed an ancient lich
 61123 | Zot:5    | Killed an ancient lich
 61342 | Depths:4 | Bought a wand of iceblast (5) for 144 gold pieces
 61342 | Depths:4 | Bought a wand of paralysis (12) for 224 gold pieces
 61342 | Depths:4 | Bought a wand of enslavement (17) for 304 gold pieces
 61342 | Depths:4 | Bought a wand of acid (7) for 352 gold pieces
 61346 | Depths:4 | Bought a wand of flame (19) for 157 gold pieces
 61346 | Depths:4 | Bought a wand of enslavement (10) for 180 gold pieces
 61400 | Depths:2 | Bought a potion of brilliance for 80 gold pieces
 61650 | Slime:1  | Entered Level 1 of the Pits of Slime
 61655 | Slime:1  | Reached skill level 1 in Spellcasting
 61655 | Slime:1  | Reached skill level 1 in Translocations
 61659 | Slime:1  | Received a gift from Okawaru
 61887 | Slime:1  | Reached skill level 2 in Translocations
 61938 | Slime:3  | Reached skill level 2 in Spellcasting
 62074 | Slime:3  | Reached skill level 3 in Spellcasting
 62074 | Slime:3  | Reached skill level 3 in Translocations
 62611 | Slime:1  | Reached skill level 4 in Spellcasting
 62611 | Slime:1  | Reached skill level 4 in Translocations
 62851 | Slime:2  | Reached skill level 5 in Translocations
 62854 | Slime:2  | Reached skill level 5 in Spellcasting
 63206 | Slime:3  | Received a gift from Okawaru
 63405 | Slime:4  | Reached skill level 6 in Spellcasting
 63405 | Slime:4  | Reached skill level 6 in Translocations
 63663 | Slime:5  | Entered Level 5 of the Pits of Slime
 63835 | Slime:5  | Noticed the Royal Jelly
 63846 | Slime:5  | Reached skill level 7 in Spellcasting
 63846 | Slime:5  | Reached skill level 7 in Translocations
 63846 | Slime:5  | Killed the Royal Jelly
 63846 | Slime:5  | Received a gift from Okawaru
 63929 | Slime:5  | Reached skill level 8 in Spellcasting
 63929 | Slime:5  | Reached skill level 8 in Translocations
 64204 | Slime:5  | Got a transparent iron amulet
 64205 | Slime:5  | Identified the amulet of the Monkey's Uncle {Reflect rN+ MP+9 Str+3 SH+2} (You found it on level 5 of the Pits of Slime)
 64229 | Slime:5  | Identified the +4 plate armour "Hainay" {rN+} (You found it on level 5 of the Pits of Slime)
 64235 | Slime:5  | Identified the Compendium of Assistive Transformation
 64239 | Slime:5  | Found the cursed necklace of Bloodlust {*Rage +Rage MR++ Int-3 Slay+6 *Curse}
 64257 | Slime:5  | Got a crude granite ring
 64258 | Slime:5  | Identified the ring of Egomania {rCorr Dex+4} (You found it on level 5 of the Pits of Slime)
 64282 | Slime:5  | Got a slimy rune of Zot
 64316 | Slime:4  | Reached skill level 9 in Translocations
 64733 | Orc:2    | Bought a wand of paralysis (15) for 221 gold pieces
 64733 | Orc:2    | Bought a wand of iceblast (10) for 182 gold pieces
 64733 | Orc:2    | Bought a wand of enslavement (15) for 221 gold pieces
 64733 | Orc:2    | Bought a wand of paralysis (16) for 234 gold pieces
 64931 | D:15     | Learned a level 4 spell: Passage of Golubria
 64934 | D:15     | Learned a level 2 spell: Shroud of Golubria
 64938 | D:15     | Learned a level 3 spell: Portal Projectile
 64942 | D:15     | Learned a level 3 spell: Teleport Other
 64946 | D:15     | Learned a level 3 spell: Lesser Beckoning
 65593 | Orc:2    | Bought a sack of spiders for 260 gold pieces
 65799 | Temple   | Fell from the grace of Okawaru
 65799 | Temple   | Became a worshipper of the Shining One
 66044 | Pan      | Entered Pandemonium
 66044 | Pan      | Found a glowing silver altar of Zin.
 66183 | Pan      | Reached skill level 10 in Translocations
 66485 | Pan      | Reached skill level 11 in Translocations
 66796 | Pan      | Found a white marble altar of Elyvilon.
 66865 | Pan      | Reached skill level 12 in Translocations
 67009 | Pan      | Reached * piety under the Shining One
 67096 | Pan      | Reached ** piety under the Shining One
 67242 | Pan      | Reached skill level 13 in Translocations
 67253 | Pan      | Reached *** piety under the Shining One
 67274 | Pan      | Found an exit through the horrors of the Abyss.
 67349 | Pan      | Noticed Keemutil the pandemonium lord
 67355 | Pan      | Killed Keemutil the pandemonium lord
 67428 | Pan      | Reached **** piety under the Shining One
 67440 | Depths:1 | Escaped Pandemonium
 67445 | Pan      | Entered Pandemonium
 67590 | Pan      | Reached ***** piety under the Shining One
 67706 | Pan      | Found an exit through the horrors of the Abyss.
 67783 | Pan      | Identified the +5 ring mail of Vyidyxag {rElec} (You found it in Pandemonium)
 67883 | Pan      | Reached skill level 26 in Invocations
 67976 | Pan      | Noticed Ineamoqu the pandemonium lord
 67983 | Pan      | Killed Ineamoqu the pandemonium lord
 67983 | Pan      | Reached skill level 14 in Translocations
 68030 | Pan      | Reached ****** piety under the Shining One
 68040 | Pan      | Identified a +9 triple crossbow of holy wrath (a +9 triple crossbow of freezing blessed by the Shining One)
 68040 | Pan      | Received a gift from the Shining One
 68097 | Pan      | Got a demonic rune of Zot
 68217 | Pan      | Reached skill level 1 in Hexes
 68591 | Pan      | Reached skill level 2 in Hexes
 68698 | Pan      | Entered the realm of Gloorx Vloq.
 68898 | Pan      | Reached skill level 3 in Hexes
 69148 | Pan      | Reached skill level 15 in Translocations
 69359 | Pan      | Learned a level 5 spell: Aura of Abjuration
 69362 | Pan      | Reached skill level 1 in Summonings
 69365 | Pan      | Reached skill level 2 in Summonings
 69368 | Pan      | Reached skill level 3 in Summonings
 69379 | Pan      | Reached skill level 4 in Summonings
 69522 | Pan      | Noticed Gloorx Vloq
 69533 | Pan      | Killed Gloorx Vloq
 69533 | Pan      | Reached skill level 6 in Summonings
 69566 | Pan      | Got a dark rune of Zot
 69655 | Pan      | Upgraded the game from 0.22.0-27-ga576289 to 0.22.0-32-gbc6daba
 70039 | Pan      | Learned a level 1 spell: Summon Butterflies
 70099 | Pan      | Entered the realm of Cerebov.
 70102 | Pan      | Reached skill level 7 in Summonings
 70183 | Pan      | Identified the +1 scale mail "Ijete Jivoi" {Regen+} (You found it in Pandemonium)
 70483 | Pan      | Reached skill level 8 in Summonings
 70625 | Pan      | Reached skill level 9 in Summonings
 70838 | Pan      | Reached skill level 10 in Summonings
 70919 | Pan      | Noticed Cerebov
 70981 | Pan      | Killed Cerebov
 70981 | Pan      | Reached skill level 11 in Summonings
 71055 | Pan      | Got a fiery rune of Zot
 71060 | Pan      | Identified A Primer on Secret Knowledge
 71106 | Pan      | Identified the ring of the Pariah {+Fly rN+ Dex-5 Stlth+} (You found it in Pandemonium)
 71197 | Pan      | Reached skill level 12 in Summonings
 71264 | Pan      | Entered the realm of Mnoleg.
 71304 | Pan      | Found an exit through the horrors of the Abyss.
 71319 | Pan      | Gained mutation: Armour fits poorly on your strangely shaped body. [a cacodemon]
 71354 | Pan      | Noticed Mnoleg
 71366 | Pan      | Killed Mnoleg
 71425 | Pan      | Got a glowing rune of Zot
 71443 | Pan      | Lost mutation: Armour fits poorly on your strangely shaped body. [potion of mutation]
 71443 | Pan      | Lost mutation: Your magical capacity is low. (-10% MP) [potion of mutation]
 71443 | Pan      | Gained mutation: Armour fits poorly on your strangely shaped body. [potion of mutation]
 71443 | Pan      | Gained mutation: Your natural rate of healing is unusually fast. [potion of mutation]
 71443 | Pan      | Gained mutation: Your flesh is cold resistant. (rC+) [potion of mutation]
 71443 | Pan      | Gained mutation: You are resistant to electric shocks. (rElec) [potion of mutation]
 71444 | Pan      | Lost mutation: Armour fits poorly on your strangely shaped body. [potion of mutation]
 71444 | Pan      | Lost mutation: Your flesh is cold resistant. (rC+) [potion of mutation]
 71444 | Pan      | Lost mutation: Your natural rate of healing is unusually fast. [potion of mutation]
 71444 | Pan      | Gained mutation: Armour fits poorly on your strangely shaped body. [potion of mutation]
 71444 | Pan      | Gained mutation: You are robust. (+10% HP) [potion of mutation]
 71444 | Pan      | Gained mutation: Your body sometimes deteriorates upon taking damage. [potion of mutation]
 71444 | Pan      | Gained mutation: Your mind is acute. (Int +2) [potion of mutation]
 71445 | Pan      | Lost mutation: You are robust. (+10% HP) [potion of mutation]
 71445 | Pan      | Gained mutation: You are partially covered in thin metallic scales. (AC +2) [potion of mutation]
 71446 | Pan      | Lost mutation: Armour fits poorly on your strangely shaped body. [potion of mutation]
 71446 | Pan      | Lost mutation: Your body sometimes deteriorates upon taking damage. [potion of mutation]
 71446 | Pan      | Lost mutation: Your mind is acute. (Int +2) [potion of mutation]
 71446 | Pan      | Gained mutation: Scrolls take you a little longer to read. [potion of mutation]
 71446 | Pan      | Gained mutation: You possess an exceptional clarity of mind. [potion of mutation]
 71446 | Pan      | Gained mutation: You are partially covered in iridescent scales. (AC +2) [potion of mutation]
 71446 | Pan      | Gained mutation: Your movements are slightly less encumbered by armour. (ER -2) [potion of mutation]
 71447 | Pan      | Lost mutation: Scrolls take you a little longer to read. [potion of mutation]
 71447 | Pan      | Lost mutation: You possess an exceptional clarity of mind. [potion of mutation]
 71447 | Pan      | Lost mutation: You are partially covered in thin metallic scales. (AC +2) [potion of mutation]
 71447 | Pan      | Gained mutation: You have a pair of small horns on your head. [potion of mutation]
 71447 | Pan      | Gained mutation: You have a pair of horns on your head. [potion of mutation]
 71447 | Pan      | Gained mutation: You have large cloven feet. [potion of mutation]
 71447 | Pan      | Gained mutation: You are partially covered in slimy green scales. (AC +2) [potion of mutation]
 71455 | Pan      | Entered the realm of Lom Lobon.
 71522 | Pan      | Reached skill level 9 in Spellcasting
 71700 | Pan      | Noticed Lom Lobon
 71724 | Pan      | Killed Lom Lobon
 71724 | Pan      | Reached skill level 13 in Summonings
 71806 | Pan      | Got a magical rune of Zot
 71843 | Pan      | Reached skill level 27 in Invocations
 71941 | Pan      | Learned a level 4 spell: Force Lance
 72056 | Pan      | Found an exit through the horrors of the Abyss.
 72060 | Pan      | Took an exit into the Abyss.
 72060 | Abyss:1  | Escaped into the Abyss
 72301 | Abyss:1  | Reached skill level 27 in Dodging
 72324 | Abyss:1  | Reached skill level 27 in Crossbows
 72339 | Abyss:1  | Reached skill level 27 in Fighting
 72854 | Abyss:1  | Reached skill level 10 in Spellcasting
 73118 | Abyss:2  | Found a burning altar of Makhleb.
 73319 | Abyss:3  | Paralysed by accursed screaming for 1 turns
 73327 | Abyss:3  | Reached skill level 11 in Armour
 73331 | Abyss:3  | Was forgiven by Okawaru
 73352 | Abyss:3  | Got an abyssal rune of Zot
 73394 | Abyss:3  | Reached skill level 11 in Spellcasting
 73451 | Abyss:3  | Found a corrupted altar of Lugonu.
 73690 | Abyss:4  | Found a sacrificial altar of Ru.
 73800 | Depths:1 | Escaped the Abyss
 73853 | Hell     | Entered the Vestibule of Hell
 73853 | Hell     | Noticed Geryon
 73894 | Hell     | Killed Geryon
 73894 | Hell     | Reached skill level 12 in Spellcasting
 73961 | Hell     | Reached skill level 12 in Armour
 73968 | Hell     | Found a gateway to the freezing wastes of Cocytus.
 73985 | Coc:1    | Entered Level 1 of Cocytus
 74045 | Coc:1    | Reached skill level 1 in Maces & Flails
 74264 | Coc:2    | Reached skill level 2 in Maces & Flails
 74471 | Coc:2    | Reached skill level 13 in Spellcasting
 74539 | Coc:3    | Reached skill level 1 in Charms
 74543 | Coc:3    | Reached skill level 3 in Maces & Flails
 74641 | Coc:3    | Reached skill level 2 in Charms
 74803 | Coc:3    | Noticed a shard shrike
 74805 | Coc:3    | Killed a shard shrike
 74805 | Coc:3    | Reached skill level 4 in Maces & Flails
 74805 | Coc:3    | Reached skill level 13 in Armour
 74887 | Coc:4    | Noticed a shard shrike
 74922 | Coc:5    | Noticed a shard shrike
 74925 | Coc:5    | Killed a shard shrike
 74973 | Coc:5    | Reached skill level 5 in Maces & Flails
 75020 | Coc:7    | Entered Level 7 of Cocytus
 75210 | Coc:7    | Noticed a shard shrike
 75213 | Coc:7    | Killed a shard shrike
 75252 | Coc:7    | Reached skill level 6 in Maces & Flails
 75252 | Coc:7    | Reached skill level 14 in Armour
 75423 | Coc:7    | Noticed a shard shrike
 75426 | Coc:7    | Noticed a shard shrike
 75436 | Coc:7    | Killed a shard shrike
 75439 | Coc:7    | Gained mutation: Your magical capacity is low. (-10% MP) [mutagenic glow]
 75441 | Coc:7    | Killed a shard shrike
 75456 | Coc:7    | Reached skill level 7 in Maces & Flails
 75631 | Coc:7    | Noticed a shard shrike
 75640 | Coc:7    | Killed a shard shrike
 75642 | Coc:7    | Noticed a shard shrike
 75647 | Coc:7    | Killed a shard shrike
 75647 | Coc:7    | Reached skill level 15 in Armour
 75888 | Coc:7    | Reached skill level 8 in Maces & Flails
 76100 | Coc:7    | Noticed Antaeus
 76112 | Coc:7    | Killed Antaeus
 76130 | Coc:7    | Got an icy rune of Zot
 76172 | Coc:7    | Identified the ring "Gouraf" {rC+ Dex+6 SInv Stlth+} (You found it on level 7 of Cocytus)
 76174 | Coc:7    | Identified the ring of Waitait {Ice Str+4} (You found it on level 7 of Cocytus)
 76348 | Coc:7    | Reached skill level 9 in Maces & Flails
 76489 | Hell     | Reached skill level 16 in Armour
 76663 | Hell     | Found a gateway to the Iron City of Dis.
 76681 | Dis:1    | Entered Level 1 of the Iron City of Dis
 77182 | Dis:3    | Reached skill level 10 in Maces & Flails
 77635 | Dis:4    | Reached skill level 17 in Armour
 78101 | Dis:7    | Entered Level 7 of the Iron City of Dis
 78148 | Dis:7    | Reached skill level 11 in Maces & Flails
 78739 | Dis:7    | Reached skill level 18 in Armour
 78987 | Dis:7    | Reached skill level 12 in Maces & Flails
 79279 | Dis:7    | Reached skill level 19 in Armour
 79420 | Dis:7    | Found the +3 pair of gauntlets of War {Slay+5}
 79666 | Dis:7    | Reached skill level 4 in Stealth
 79711 | Dis:7    | Found the +8 frozen axe "Frostbite" {freezing cloud, *Noise +Fly rC+}
 79713 | Dis:7    | Identified the +3 ring mail "Keqogh" {rF+ rC++ Dex+4} (You found it on level 7 of the Iron City of Dis)
 79728 | Dis:7    | Reached skill level 5 in Stealth
 79736 | Dis:7    | Noticed Dispater
 79742 | Dis:7    | Reached skill level 6 in Stealth
 79744 | Dis:7    | Reached skill level 7 in Stealth
 79752 | Dis:7    | Killed Dispater
 79752 | Dis:7    | Reached skill level 10 in Stealth
 79758 | Dis:7    | Reached skill level 11 in Stealth
 79760 | Dis:7    | Got an iron rune of Zot
 79797 | Dis:7    | Reached skill level 12 in Stealth
 79999 | D:15     | Learned a level 2 spell: Passwall
 80002 | D:15     | Learned a level 2 spell: Song of Slaying
 80042 | Hell     | Found a gateway to the decaying netherworld of Tartarus.
 80088 | Hell     | Reached skill level 13 in Stealth
 80124 | Hell     | Found a gateway to the ashen valley of Gehenna.
 80228 | Geh:1    | Entered Level 1 of Gehenna
 80323 | Geh:1    | Reached skill level 14 in Stealth
 80403 | Geh:4    | Reached skill level 15 in Stealth
 80433 | Geh:4    | Reached skill level 16 in Stealth
 80478 | Geh:7    | Entered Level 7 of Gehenna
 80505 | Geh:7    | Reached skill level 17 in Stealth
 80717 | Geh:7    | Reached skill level 18 in Stealth
 80752 | Geh:7    | Reached skill level 4 in Hexes
 80813 | Geh:7    | Reached skill level 5 in Hexes
 80854 | Geh:7    | Reached skill level 6 in Hexes
 80936 | Geh:7    | Reached skill level 7 in Hexes
 81020 | Geh:7    | Noticed the Serpent of Hell
 81026 | Geh:7    | Killed the Serpent of Hell
 81026 | Geh:7    | Reached skill level 8 in Hexes
 81029 | Geh:7    | Reached skill level 9 in Hexes
 81065 | Geh:7    | Reached skill level 10 in Hexes
 81126 | Geh:7    | Identified the +1 robe "Levabbist" {rF+} (You found it on level 7 of Gehenna)
 81222 | Geh:7    | Noticed Asmodeus
 81229 | Geh:7    | Killed Asmodeus
 81229 | Geh:7    | Reached skill level 11 in Hexes
 81247 | Geh:7    | Learned a level 5 spell: Silence
 81254 | Geh:7    | Learned a level 6 spell: Darkness
 81275 | Geh:7    | Got an obsidian rune of Zot
 81383 | Geh:7    | Reached skill level 1 in Air Magic
 81429 | Tar:1    | Entered Level 1 of Tartarus
 81473 | Tar:3    | Reached skill level 2 in Air Magic
 81480 | Tar:3    | Reached skill level 3 in Air Magic
 81498 | Tar:3    | Reached skill level 4 in Air Magic
 81593 | Tar:3    | Reached skill level 5 in Air Magic
 81678 | Tar:5    | Reached skill level 6 in Air Magic
 81727 | Tar:6    | Found a huge runed gate.
 81727 | Tar:6    | Found a huge runed gate.
 81727 | Tar:6    | Found a huge runed gate.
 81727 | Tar:6    | Found a huge runed gate.
 81727 | Tar:6    | Found a huge runed gate.
 81728 | Tar:6    | Found a huge runed gate.
 81734 | Tar:7    | Entered Level 7 of Tartarus
 81781 | Tar:7    | Reached skill level 7 in Air Magic
 81945 | Tar:7    | Reached skill level 8 in Air Magic
 82020 | Tar:7    | Reached skill level 9 in Air Magic
 82087 | Tar:7    | Reached skill level 10 in Air Magic
 82151 | Tar:7    | Reached skill level 12 in Hexes
 82200 | Tar:7    | Identified the Tome of Entrancing Cold
 82222 | Tar:7    | Identified the ring of Qel Dath {+Fly Str+4} (You found it on level 7 of Tartarus)
 82272 | Tar:7    | Reached skill level 11 in Air Magic
 82362 | Tar:7    | Found the +10 morningstar "Eos" {elec, Halo rElec}
 82473 | Tar:7    | Learned a level 4 spell: Summon Lightning Spire
 82633 | Tar:7    | Reached skill level 13 in Hexes
 82635 | Tar:7    | Noticed Ereshkigal
 82646 | Tar:7    | Reached skill level 12 in Air Magic
 82659 | Tar:7    | Killed Ereshkigal
 82696 | Tar:7    | Got a bone rune of Zot
 83537 | Tomb:3   | Entered Level 3 of the Tomb of the Ancients
 83557 | Tomb:3   | Reached skill level 14 in Hexes
 83574 | Tomb:3   | Reached skill level 13 in Air Magic
 83582 | Tomb:3   | Noticed a greater mummy
 83588 | Tomb:3   | Killed a greater mummy
 83593 | Tomb:3   | Noticed a greater mummy
 83598 | Tomb:3   | Killed a greater mummy
 83606 | Tomb:3   | Noticed a greater mummy
 83611 | Tomb:3   | Noticed a greater mummy
 83615 | Tomb:3   | Noticed a greater mummy
 83991 | Tomb:3   | Noticed Boris
 83992 | Tomb:3   | Reached skill level 14 in Air Magic
 83996 | Tomb:3   | Killed Boris
 84005 | Tomb:3   | Killed a greater mummy
 84005 | Tomb:3   | Reached skill level 14 in Spellcasting
 84005 | Tomb:3   | Noticed a greater mummy
 84017 | Tomb:3   | Killed a greater mummy
 84018 | Tomb:3   | Noticed a greater mummy
 84020 | Tomb:3   | Noticed Khufu
 84024 | Tomb:3   | Killed a greater mummy
 84024 | Tomb:3   | Noticed a greater mummy
 84026 | Tomb:3   | Killed Khufu
 84026 | Tomb:3   | Reached skill level 15 in Spellcasting
 84028 | Tomb:3   | Killed a greater mummy
 84031 | Tomb:3   | Killed a greater mummy
 84035 | Tomb:3   | Killed a greater mummy
 84050 | Tomb:3   | Reached skill level 16 in Spellcasting
 84158 | Tomb:3   | Identified the ring of Iriur {*Tele MR++} (You found it on level 3 of the Tomb of the Ancients)
 84161 | Tomb:3   | Identified the ring "Loube" {rCorr rF+ Str-3 Int+4} (You found it on level 3 of the Tomb of the Ancients)
 84171 | Tomb:3   | Identified the ring of Tomorrow {rCorr rN+ MR- Dex+5} (You found it on level 3 of the Tomb of the Ancients)
 84172 | Tomb:3   | Identified the ring of Boenk {rF+ Str+3} (You found it on level 3 of the Tomb of the Ancients)
 84173 | Tomb:3   | Identified the cursed ring of Ashenzari's Supremacy {EV-2 Int+2} (You found it on level 3 of the Tomb of the Ancients)
 84202 | Tomb:3   | Identified the ring of Reimbursement {+Inv rC- rN+++ Int-4 Stlth-} (You found it on level 3 of the Tomb of the Ancients)
 84243 | Tomb:3   | Got a golden rune of Zot
 84698 | D:15     | Learned a level 2 spell: Passwall
 84995 | Zot:5    | Got the Orb of Zot
 85572 | D:$      | Escaped with the Orb!

Skill      XL: |  1  2  3  4  5  6  7  8  9 10 11 12 13 14 15 16 17 18 19 20 21 22 23 24 25 26 27 |
---------------+----------------------------------------------------------------------------------+-----
Crossbows      | 5 6 8 10 11 12 14 17 18 19 20 22 24 26 27 | 27.0
Dodging        | 3 6 9 11 12 13 14 15 16 17 19 20 21 22 23 27 | 27.0
Fighting       | 3 4 6 7 9 10 11 12 13 14 16 17 18 19 20 21 23 27 | 27.0
Armour         | 2 3 5 7 8 9 19 | 19.6
Invocations    | 2 5 7 9 11 12 13 14 15 27 | 27.0
Evocations     | 3 6 9 10 12 14 16 | 16.0
Spellcasting   | 16 | 16.4
Translocations | 15 | 15.1
Hexes          | 14 | 14.0
Summonings     | 13 | 13.1
Maces & Flails | 12 | 12.0
Charms         | 2 |  2.1
Stealth        | 18 | 18.0
Air Magic      | 14 | 14.0

Action                   |  1- 3 |  4- 6 |  7- 9 | 10-12 | 13-15 | 16-18 | 19-21 | 22-24 | 25-27 || total
-------------------------+-------+-------+-------+-------+-------+-------+-------+-------+-------++-------
Melee: Short sword       |    99 |     9 |       |       |       |       |       |       |       ||   108
       Whip              |       |   101 |   109 |       |       |       |       |       |       ||   210
       Long sword        |       |       |   150 |   344 |   854 |   746 |   146 |    10 |     5 ||  2255
       War axe           |       |       |    50 |       |       |       |       |       |       ||    50
       Punch             |       |       |       |       |    11 |     5 |       |       |       ||    16
       Sacred scourge    |       |       |       |       |       |       |       |       |     6 ||     6
       Triple crossbow   |       |       |       |       |       |       |       |       |     3 ||     3
       Headbutt          |       |       |       |       |       |       |       |       |     3 ||     3
 Fire: Hand crossbow     |    11 |    37 |    15 |     4 |       |       |       |       |       ||    67
       Hunting sling     |       |     9 |    29 |       |       |       |       |       |       ||    38
       Arbalest          |       |       |       |    16 |   145 |   647 |   204 |     2 |    40 ||  1054
       Triple crossbow   |       |       |       |       |       |       |   709 |  1199 |  6198 ||  8106
 Cast: Blink             |       |       |       |     4 |       |       |       |       |    20 ||    24
       Apportation       |       |       |       |       |       |       |       |       |  1355 ||  1355
       Passage of Golubr |       |       |       |       |       |       |       |       |    48 ||    48
       Portal Projectile |       |       |       |       |       |       |       |       |    23 ||    23
       Aura of Abjuratio |       |       |       |       |       |       |       |       |    19 ||    19
       Passwall          |       |       |       |       |       |       |       |       |     1 ||     1
Invok: Finesse           |       |       |       |     1 |     5 |     4 |     5 |     3 |    18 ||    36
       Heroism           |       |       |       |       |    12 |    14 |     9 |     1 |     9 ||    45
       Cleansing Flame   |       |       |       |       |       |       |       |       |    42 ||    42
       Divine Shield     |       |       |       |       |       |       |       |       |    25 ||    25
       Summon Divine War |       |       |       |       |       |       |       |       |     6 ||     6
       Brand Weapon With |       |       |       |       |       |       |       |       |     1 ||     1
 Abil: Evoke Blink       |       |       |       |       |     4 |       |       |       |       ||     4
       Evoke Flight      |       |       |       |       |       |       |     3 |     1 |     4 ||     8
       Evoke Invisibilit |       |       |       |       |       |       |     5 |       |       ||     5
       Cancel Portal Pro |       |       |       |       |       |       |       |       |    17 ||    17
       Stop Flying       |       |       |       |       |       |       |       |       |     1 ||     1
Evoke: Wand              |       |       |     1 |     5 |     8 |    14 |     7 |     4 |   129 ||   168
  Use: Scroll            |       |     5 |     8 |    11 |     8 |     7 |    16 |     6 |    90 ||   151
       Potion            |       |     3 |       |     1 |     3 |       |       |       |    71 ||    78
 Stab: Sleeping          |     2 |     3 |     6 |     3 |     3 |       |       |       |       ||    17
       Distracted        |       |       |       |     2 |       |       |       |       |       ||     2
       Confused          |       |       |       |       |       |     2 |       |       |       ||     2
       Invisible         |       |       |       |       |       |       |     2 |       |       ||     2
  Eat: Chunk             |       |     4 |    12 |    28 |    23 |    31 |    32 |    16 |   116 ||   262
       Ration            |       |       |       |       |       |       |       |       |    14 ||    14
Armor: Leather armour    |    20 |    12 |    15 |       |       |       |       |       |       ||    47
       Skin              |       |     1 |       |       |       |       |       |       |       ||     1
       Ring mail         |       |       |    57 |    61 |    69 |       |       |       |       ||   187
       Chain mail        |       |       |       |       |   150 |   338 |    39 |       |       ||   527
       Gold dragon scale |       |       |       |       |       |       |   248 |   203 |   523 ||   974
       Crystal plate arm |       |       |       |       |       |       |       |       |   859 ||   859
Dodge: Dodged            |    78 |    77 |   246 |   335 |  1018 |  1065 |   594 |   358 |  3090 ||  6861
Block: Other             |       |       |       |       |       |       |       |       |   335 ||   335
       Rpst.: Long sword |       |       |    39 |    97 |   270 |   254 |    53 |       |     1 ||   714

Table legend:
 A = Turns spent in this place as a percentage of turns spent in the entire game.
 B = Non-inter-level travel turns spent in this place as a percentage of non-inter-level travel turns spent in the entire game.
 C = Inter-level travel turns spent in this place as a percentage of turns spent in this place.
 D = Turns resting spent in this place as a percentage of non-inter-level travel turns spent in this place.
 E = Turns spent auto-exploring this place as a percentage of non-inter-level travel turns spent in this place.
 F = Non-inter-level travel turns spent in this place divided by the number of levels of this place that you've seen.
                   A       B       C       D       E      F
               +-------+-------+-------+-------+-------+----------------------
         Total | 100.0 | 100.0 |  16.4 |   6.0 |   2.1 | 662.8
       Dungeon |  18.8 |  16.3 |  27.3 |   1.1 |   1.2 | 778.3
        Temple |   0.1 |   0.0 |  47.7 |   0.0 |   0.0 |  23.0
          Lair |   7.5 |   7.6 |  15.4 |   3.0 |   1.6 | 906.5
         Swamp |   4.7 |   5.2 |   6.7 |   7.3 |   0.2 | 931.8
   Spider Nest |   4.2 |   4.5 |  10.5 |   7.5 |   7.5 | 811.5
    Slime Pits |   3.3 |   3.5 |  10.0 |  15.7 |   1.3 | 508.0
  Orcish Mines |   2.8 |   2.1 |  38.4 |   3.3 |   1.8 | 748.5
   Elven Halls |   5.3 |   4.6 |  26.9 |   5.2 |   1.1 | 1106.3
        Vaults |   9.0 |   9.3 |  13.6 |   2.4 |   4.5 | 1325.2
         Crypt |   4.2 |   4.1 |  18.9 |   0.8 |   3.2 | 980.7
          Tomb |   2.9 |   2.9 |  15.2 |  35.4 |   0.0 | 701.3
        Depths |   9.6 |   8.4 |  26.7 |   1.5 |   4.8 | 1203.6
          Hell |   0.8 |   0.8 |  14.8 |   0.5 |   0.0 | 560.0
           Dis |   3.8 |   4.4 |   3.2 |   2.1 |   0.0 | 452.1
       Gehenna |   1.4 |   1.5 |   9.1 |   0.0 |   0.0 | 151.4
       Cocytus |   2.9 |   3.3 |   5.3 |   1.3 |   0.0 | 332.6
      Tartarus |   1.6 |   1.8 |   5.7 |   0.0 |   0.0 | 183.6
           Zot |   6.1 |   6.3 |  13.4 |   7.8 |   5.1 | 902.8
         Abyss |   2.0 |   2.4 |   0.0 |   0.2 |   0.0 | 435.0
   Pandemonium |   7.0 |   8.4 |   0.0 |  12.2 |   0.0 | 546.5
      Ice Cave |   0.8 |   0.9 |   0.0 |  21.6 |   0.0 | 666.0
       Volcano |   0.2 |   0.3 |   0.0 |   0.0 |   0.0 | 181.0
        Wizlab |   1.1 |   1.3 |   0.0 |  52.6 |   1.3 | 912.0
               +-------+-------+-------+-------+-------+----------------------

Table legend:
 A = Kills in this place as a percentage of kills in entire the game.
 B = Kills by you in this place as a percentage of kills by you in the entire game.
 C = Kills by friends in this place as a percentage of kills by friends in the entire game.
 D = Other kills in this place as a percentage of other kills in the entire game.
 E = Experience gained in this place as a percentage of experience gained in the entire game.
 F = Experience gained in this place divided by the number of levels of this place that you have seen.
                   A       B       C       D       E      F
               +-------+-------+-------+-------+-------+----------------------
         Total | 100.0 | 100.0 | 100.0 | 100.0 | 100.0 | 32406.8
       Dungeon |  10.3 |  10.3 |   0.0 |   0.0 |   2.2 | 5017.9
          Lair |   5.3 |   5.3 |   0.0 |   0.0 |   2.0 | 11768.7
         Swamp |   4.2 |   4.2 |   0.0 |  50.0 |   2.5 | 22216.5
   Spider Nest |   5.0 |   5.0 |   0.0 |   0.0 |   2.7 | 23562.2
    Slime Pits |   3.4 |   3.4 |   0.0 |   0.0 |   3.3 | 22993.6
  Orcish Mines |   1.9 |   1.9 |   0.0 |   0.0 |   0.5 | 8157.5
   Elven Halls |   3.2 |   3.2 |   0.0 |   0.0 |   3.2 | 37441.7
        Vaults |  11.4 |  11.5 |   0.0 |   0.0 |  12.7 | 89194.8
         Crypt |   4.4 |   4.4 |   0.0 |   0.0 |   4.3 | 50614.0
          Tomb |   4.3 |   4.3 |  16.7 |   0.0 |   5.8 | 67089.0
        Depths |   8.7 |   8.6 |   0.0 |  50.0 |  10.4 | 72692.8
          Hell |   1.4 |   1.4 |   0.0 |   0.0 |   1.4 | 49543.0
           Dis |   6.5 |   6.6 |   0.0 |   0.0 |   7.7 | 38354.6
       Gehenna |   4.1 |   4.0 |  33.3 |   0.0 |   4.1 | 20682.1
       Cocytus |   6.9 |   6.9 |   0.0 |   0.0 |   6.9 | 34501.1
      Tartarus |   3.3 |   3.3 |   0.0 |   0.0 |   4.6 | 23241.4
           Zot |   3.2 |   3.2 |   0.0 |   0.0 |  11.4 | 80092.2
         Abyss |   3.9 |   3.9 |   0.0 |   0.0 |   2.7 | 23274.2
   Pandemonium |   7.5 |   7.5 |  50.0 |   0.0 |  10.8 | 34379.4
      Ice Cave |   0.7 |   0.7 |   0.0 |   0.0 |   0.3 | 11172.0
       Volcano |   0.1 |   0.1 |   0.0 |   0.0 |   0.0 | 1555.0
        Wizlab |   0.4 |   0.4 |   0.0 |   0.0 |   0.4 | 13333.0
               +-------+-------+-------+-------+-------+----------------------

Vault maps used:
D:1:      minmay_arrival_widening_spiral_wide
D:2:      first_ration
D:3:      hangedman_decor_riveting, uniq_grinder
D:4:      lemuel_doored_altar, minmay_cupped, uniq_robin
D:5:      basic_altar
D:7:      minmay_temple_entry_fiery, gammafunk_ghost_nasty_kobolds,
          serial_shops, shop
D:8:      serial_shops, shop_fountains, grunt_livestock
D:9:      minivault_5
D:10:     cheibrodos_elevator_heist, grunt_lair_entry_orc_guard_hut,
          serial_shops, shop
D:11:     serial_shops, shop, uniq_erolcha, uniq_nergalle
D:12:     orc_david_3, gammafunk_ghost_spectres, bloody_trog
D:13:     david_vaults_2
D:14:     minmay_splitting_lines
D:15:     grunt_enter_depths_magical_seal, lemuel_angel_altar
Temple:   nicolae_temple_the_god_donut
Lair:2:   gammafunk_ghost_grave
Lair:3:   gammafunk_ghost_arena
Lair:4:   minmay_swamp_entry_worms, nicolae_spider_entry_non_spiders,
          nicolae_volcano_entry_two_sided, forest_entry_grove
Lair:5:   minmay_hedge_maze
Lair:6:   cheibrodos_lair_end_hotspot, minmay_slime_entry_pillars, basic_altar,
          zaba_anthell, minmay_lair_oklob_chamber
Swamp:1:  evilmike_swamp_ruin_wall, infiniplex_staircase_pool_2
Swamp:2:  nicolae_swamp_stair_fork, grunt_ruined_hall
Swamp:3:  evilmike_swamp_ruin_house_2, cheibrodos_swamp_pet_leeches
Swamp:4:  swamp, portal_ice_cave_entry_ice_statue_one, uniq_kirke, uniq_roxanne
Spider:1: hive_lemuel
Spider:2: ebering_ghost_disaster_area
Spider:3: ebering_ghost_inner_flame, spiders_nest_the_unseen
Spider:4: grunt_spider_rune_parallel
Slime:1:  nicolae_slime_barrier, cheibrodos_slime_lost_civilization_7
Orc:1:    cheibrodos_orc_guarddog
Orc:2:    st_orc_mages, ebering_ghost_xom, uniq_urug
Elf:1:    eino_elf_arrival_customs, hangedman_elf_disciples
Elf:2:    mu_enter_wizlab_1, lemuel_flamethrower_3
Elf:3:    minmay_elf_hall_curves, basic_altar, serial_shops,
          nicolae_shop_statue_plus, shop,
          nicolae_shop_temple_entry_statues_fountains
Vaults:1: hangedman_vaults_stitches, vaults_dpeg_diagonal,
          nicolae_vaults_alarming, nicolae_vaults_murderbox, v_pattern_2,
          v_alt_pattern_2, nicolae_vaults_ninety_degrees, serial_shops, shop
Vaults:2: gammafunk_vaults_ghost_necromancy, grunt_vaults_swirl,
          hangedman_vaults_stagger, hangedman_vaults_nodes, v_misc_3, v_misc_8,
          vaults_room_guarded_vault, nicolae_vaults_gold_heap
Vaults:3: hangedman_vaults_corner_blocks, v_misc_1,
          nicolae_vaults_little_squares_5, ontoclasm_vaults_loading_screen,
          nicolae_vaults_stairing_the_circle, ontoclasm_vaults_eye,
          nicolae_vaults_network_s, nicolae_vaults_rhombus_7, vaults_mumra_hex,
          nicolae_vaults_puzzle_piece, nicolae_vaults_little_squares_1,
          vaults_room_hangedman_quadrants, minmay_crypt_entry_simple_sparse
Vaults:4: nicolae_vaults_windows_and_doors_thing, nicolae_vaults_sealed_display,
          hangedman_vaults_stretched_pinwheel, v_alt_pattern_1, v_misc_15,
          nicolae_vaults_little_squares_3, hangedman_vaults_pinch,
          v_alt_pattern_6, ontoclasm_vaults_decontamination
Vaults:5: uniq_xtahua, uniq_margery
Crypt:2:  grunt_megastairs_1
Crypt:3:  evilmike_haunted_forest
Tomb:3:   uniq_boris
Depths:1: minmay_the_grid_triangle_9x9_recursive_3, enter_ziggurat_d,
          grunt_pan_entry_in_and_out, hell_entry, serial_bayou_pond_e,
          ebering_ghost_rock_garden, spider_trap, solitary_fountain,
          xom_teletrap_fun, uniq_sojobo
Depths:2: minmay_broken_ring, pf_dread_powers_of_hell, serial_shops,
          kennysheep_mini, minmay_strange_pillars, marbit_kobold_abyss_entry,
          roderic_lattice_a, onia_ninara_dug_in_and_dangerous,
          serial_bayou_shore_b
Depths:3: minmay_haunted_quarter, grunt_decor_mini_mirrors,
          hangedman_coc_ice_floe, pan_entry,
          nicolae_abyss_entry_one_way_or_another, corexii_hall_statues_x,
          dispersion_dpeg
Depths:4: minmay_connected_boxes_in_corner, hellmouth_1, minmay_misc_feat_iff,
          abyss_entry, serial_shops, shop, firewood_loft,
          infiniplex_staircase_diamond, minmay_shop_grove,
          basic_stair_grate_trap, uniq_boris
Depths:5: grunt_zot_entry_hairpin, hell_entry, serial_column_ruins,
          column_ruins_open_tiny, column_ruins_grid_1,
          column_ruins_columns_straight, column_ruins_open_small,
          column_ruins_columns_dead_end, column_ruins_open_medium_water,
          kennysheep_crisscross, uniq_boris
Dis:3:    lemuel_dis_dragons, hangedman_dis_chains,
          hangedman_dis_decor_blocks_talon
Dis:7:    iron_city_of_dis
Geh:1:    hangedman_gehenna_grave_pits, grunt_megastairs_4
Geh:7:    geh_grunt
Coc:5:    lemuel_elevator
Coc:7:    coc_old
Tar:2:    grunt_megastairs_3
Tar:3:    grunt_megastairs_5
Tar:4:    hangedman_snap_crack_crunch
Tar:5:    nicolae_tar_cuneiform_bird
Tar:6:    door_vault
Tar:7:    tar_old
Zot:1:    st_single_dragon_hoard_3, bh_zot_ikea_curve
Zot:2:    basic_altar
Abyss:1:  hangedman_decor_lopped
Abyss:3:  nicolae_abyss_rune_star_stuff, minivault_5,
          serial_sigils_hangedman_quiver
Abyss:4:  grunt_abyss_exit_deep_breaths
Pan:      evilmike_holy_pan, evilmike_mini_pan_3x3, grunt_pan_frozen_over,
          evilmike_mini_pan_doors, pan_blood_fountain_2, rand_demon_8,
          gloorx_vloq_st, evilmike_mini_pan_pillars, pan_blood_fountain,
          pan_blood_fountain_small, nicolae_pan_lom_lobonic_3,
          cerebov_grunt_fire_and_steel, pan_blood_fountain_small, mnoleg,
          lom_lobon_st, pan_blood_fountain_small,
          evilmike_mini_pan_possible_glass, pan_blood_fountain,
          nicolae_pan_lom_lobonic_3
IceCv:    ice_cave_small_demon
Volcano:  volcano_caves
WizLab:   wizlab_doroklohe
